Workbook

Sheet ORÇAMENTO
D3: UNIVERSIDADE ESTADUAL DO NORTE DO PARANÁ
D4: CNPJ: 08.885.100/0001-54 | L4: BDI | M4: =BDI!F28 -> 0.19946044
D5: OBRA : ADEQUAÇÕES NO CAMPUS DE CORNÉLIO PROCÓPIO
D6: Local: Campus Cornélio Procópio - CCP | L6: Total S/BDI | M6: =L13+L96+L17+L170+L179+L197+L210+L218 -> 0
D7: Data do orçamento: SETEMBRO/2026 | L7: Total c/BDI | M7: =O7 -> 0 | O7: =SUM(O11:O226) -> 0
D9: INSERIR DADOS DA EMPRESA
A11: ITEM | B11: RESUMO | C11: CÓDIGO | D11: DESCRIÇÃO DOS SERVIÇOS | E11: UN | F11: QTD | G11: UNITÁRIO (SEM BDI) | J11: TOTAL (Valores sem BDI) | M11: VALOR TOTAL C/ BDI
G12: MATERIAL + EQ | H12: MÃO DE OBRA | I12: TOTAL | J12: MATERIAL | K12: MÃO DE OBRA | L12: TOTAL
A13: 1 | B13: SERVIÇOS PRELIMINARES | J13: =SUM(J14:J16) -> 0 | K13: =SUM(K14:K16) -> 0 | L13: =SUM(L14:L16) -> 0 | M13: =SUM(M14:M16) -> 0 | O13: =M13 -> 0
A14: 1.1 | B14: INSTALAÇÃO DE CONTAINER | C14: 97645 | D14: INSTALAÇÃO E DESINSTALAÇÃO MECANIZADA DE CONTÊINER OU MÓDULO HABITÁVEL DE USOS DIVERSOS. AF_03/2024 | E14: UN | F14: 1 | I14: =H14+G14 -> 0 | J14: =G14*F14 -> 0 | K14: =H14*F14 -> 0 | L14: =J14+K14 -> 0 | M14: =ROUND(L14*(1+$M$4),2) -> 0
A15: 1.2 | B15: CONTAINER | C15: 10776 | D15: LOCACAO DE CONTAINER 2,30 X 6,00 M, ALT. 2,50 M, PARA ESCRITORIO, SEM DIVISORIAS INTERNAS E SEM SANITARIO (NAO INCLUI MOBILIZACAO/DESMOBILIZACAO) | E15: MES | F15: 5 | I15: =H15+G15 -> 0 | J15: =G15*F15 -> 0 | K15: =H15*F15 -> 0 | L15: =J15+K15 -> 0 | M15: =ROUND(L15*(1+$M$4),2) -> 0
A16: 1.3 | B16: ACOMPANHAMENTO TÉCNICO | C16: 90777 | D16: ENGENHEIRO CIVIL DE OBRA JUNIOR COM ENCARGOS COMPLEMENTARES | E16: H | F16: 40 | I16: =H16+G16 -> 0 | J16: =G16*F16 -> 0 | K16: =H16*F16 -> 0 | L16: =J16+K16 -> 0 | M16: =ROUND(L16*(1+$M$4),2) -> 0
A17: 2 | B17: REFORMA DA SALA DE CONVIVÊNCIA DOS ALUNOS | J17: =SUM(J19:J94) -> 0 | K17: =SUM(K19:K94) -> 0 | L17: =SUM(L19:L94) -> 0 | M17: =SUM(M19:M94) -> 0 | O17: =M17 -> 0
A18: 2.1 | B18: REMOÇÕES E DEMOLIÇÕES | P18: =M18
A19: 2.1.1 | B19: REMOÇÃO DE JANELAS | C19: 97645 | D19: REMOÇÃO DE JANELAS, DE FORMA MANUAL, SEM REAPROVEITAMENTO. AF_09/2023 | E19: M2 | F19: =2.53*0.9*2+2*1*2+2.77*1.8*4+1.5*0.44*2 -> 29.818 | I19: =H19+G19 -> 0 | J19: =G19*F19 -> 0 | K19: =H19*F19 -> 0 | L19: =J19+K19 -> 0 | M19: =ROUND(L19*(1+$M$4),2) -> 0
A20: 2.1.2 | B20: REMOÇÃO DE PORTAS | C20: 97644 | D20: REMOÇÃO DE PORTAS, DE FORMA MANUAL, SEM REAPROVEITAMENTO. AF_09/2023 | E20: M2 | F20: =2.5*2.1+0.8*2.1 -> 6.93 | I20: =H20+G20 -> 0 | J20: =G20*F20 -> 0 | K20: =H20*F20 -> 0 | L20: =J20+K20 -> 0 | M20: =ROUND(L20*(1+$M$4),2) -> 0
A21: 2.1.3 | B21: REMOÇÃO DE PISO | C21: 97634 | D21: DEMOLIÇÃO DE REVESTIMENTO CERÂMICO, DE FORMA MECANIZADA COM MARTELETE, SEM REAPROVEITAMENTO. AF_09/2023 | E21: M2 | F21: 99.5 | I21: =H21+G21 -> 0 | J21: =G21*F21 -> 0 | K21: =H21*F21 -> 0 | L21: =J21+K21 -> 0 | M21: =ROUND(L21*(1+$M$4),2) -> 0
A22: 2.1.4 | B22: DEMOLIÇÃO DE CONTRAPISO | C22: 104790 | D22: DEMOLIÇÃO DE PISO DE CONCRETO SIMPLES, DE FORMA MECANIZADA COM MARTELETE, SEM REAPROVEITAMENTO. AF_09/2023 | E22: M3 | F22: 99.5 | I22: =H22+G22 -> 0 | J22: =G22*F22 -> 0 | K22: =H22*F22 -> 0 | L22: =J22+K22 -> 0 | M22: =ROUND(L22*(1+$M$4),2) -> 0
A23: 2.1.5 | B23: REMOÇÃO DE DIVISÓRIA | C23: 97640 | D23: REMOÇÃO DE FORROS DE DRYWALL, PVC E FIBROMINERAL, DE FORMA MANUAL, SEM REAPROVEITAMENTO. AF_09/2023 | E23: M2 | F23: =3.5*6.7 -> 23.45 | I23: =H23+G23 -> 0 | J23: =G23*F23 -> 0 | K23: =H23*F23 -> 0 | L23: =J23+K23 -> 0 | M23: =ROUND(L23*(1+$M$4),2) -> 0
A24: 2.1.6 | B24: REMOÇÃO DE FORRO | C24: 97640 | D24: REMOÇÃO DE FORROS DE DRYWALL, PVC E FIBROMINERAL, DE FORMA MANUAL, SEM REAPROVEITAMENTO. AF_09/2023 | E24: M2 | F24: 99.5 | I24: =H24+G24 -> 0 | J24: =G24*F24 -> 0 | K24: =H24*F24 -> 0 | L24: =J24+K24 -> 0 | M24: =ROUND(L24*(1+$M$4),2) -> 0
A25: 2.1.7 | B25: REMOÇÃO DE FIAÇÃO ELÉTRICA | C25: 104792 | D25: REMOÇÃO DE CABOS ELÉTRICOS, COM SEÇÃO DE ATÉ 2,5 MM², DE FORMA MANUAL, SEM REAPROVEITAMENTO. AF_09/2023 | E25: M | F25: 400 | I25: =H25+G25 -> 0 | J25: =G25*F25 -> 0 | K25: =H25*F25 -> 0 | L25: =J25+K25 -> 0 | M25: =ROUND(L25*(1+$M$4),2) -> 0
A26: 2.1.8 | B26: REMOÇÃO DE FORRO DE PILARES | C26: 97640 | D26: REMOÇÃO DE FORROS DE DRYWALL, PVC E FIBROMINERAL, DE FORMA MANUAL, SEM REAPROVEITAMENTO. AF_09/2023 | E26: M3 | F26: 0 | I26: =H26+G26 -> 0 | J26: =G26*F26 -> 0 | K26: =H26*F26 -> 0 | L26: =J26+K26 -> 0 | M26: =ROUND(L26*(1+$M$4),2) -> 0
A27: 2.1.9 | B27: REMOÇÃO DE AR-CONDICIONADO | C27: 12375/ORSE | D27: Remoção e reinstalação de ar condicionado tipo Split | E27: UN | F27: 2 | I27: =H27+G27 -> 0 | J27: =G27*F27 -> 0 | K27: =H27*F27 -> 0 | L27: =J27+K27 -> 0 | M27: =ROUND(L27*(1+$M$4),2) -> 0
A28: 2.1.10 | B28: PREPARO DE PAREDES | C28: 02344/ORSE | D28: Preparo de superfície com lixamento de paredes e tetos | E28: M2 | F28: =19.1+37.4*3.5*2 -> 280.9 | I28: =H28+G28 -> 0 | J28: =G28*F28 -> 0 | K28: =H28*F28 -> 0 | L28: =J28+K28 -> 0 | M28: =ROUND(L28*(1+$M$4),2) -> 0
A29: 2.2 | B29: PISOS | P29: =M29
A30: 2.2.1 | B30: LASTRO DE BRITA - CAMADA DE 3CM | C30: 100324 | D30: [ADAPTADO PARA 5CM] LASTRO COM MATERIAL GRANULAR (PEDRA BRITADA N.1 E PEDRA BRITADA N.2), APLICADO EM PISOS OU LAJES SOBRE SOLO, ESPESSURA DE *10 CM*. AF_01/2024 | E30: M3 | F30: 3 | I30: =SUM(G30:H30) -> 0 | J30: =G30*F30 -> 0 | K30: =H30*F30 -> 0 | L30: =J30+K30 -> 0 | M30: =ROUND(L30*(1+$M$4),2) -> 0
A31: 2.2.2 | B31: LONA | C31: 97113 | D31: APLICAÇÃO DE LONA PLÁSTICA PARA EXECUÇÃO DE PAVIMENTOS DE CONCRETO. AF_04/2022 | E31: M2 | F31: 99.5 | I31: =SUM(G31:H31) -> 0 | J31: =G31*F31 -> 0 | K31: =H31*F31 -> 0 | L31: =J31+K31 -> 0 | M31: =ROUND(L31*(1+$M$4),2) -> 0
A32: 2.2.3 | B32: CONTRAPISO (5CM) | C32: 87299 | D32: ARGAMASSA TRAÇO 1:3 (EM VOLUME DE CIMENTO E AREIA MÉDIA ÚMIDA) PARA CONTRAPISO, PREPARO MECÂNICO COM BETONEIRA 600 L. AF_08/2019 | E32: M3 | F32: 4.98 | I32: =SUM(G32:H32) -> 0 | J32: =G32*F32 -> 0 | K32: =H32*F32 -> 0 | L32: =J32+K32 -> 0 | M32: =ROUND(L32*(1+$M$4),2) -> 0
A33: 2.2.4 | B33: ASSENTAMENTO DE PISO | C33: 87263 | D33: REVESTIMENTO CERÂMICO PARA PISO COM PLACAS TIPO PORCELANATO DE DIMENSÕES 60X60 CM APLICADA EM AMBIENTES DE ÁREA MAIOR QUE 10 M². AF_02/2023_PE | E33: M2 | F33: 99.5 | I33: =SUM(G33:H33) -> 0 | J33: =G33*F33 -> 0 | K33: =H33*F33 -> 0 | L33: =J33+K33 -> 0 | M33: =ROUND(L33*(1+$M$4),2) -> 0
A34: 2.2.5 | B34: REVESTIMENTO SOBRE PIA + 1,2M LATERAL PARA FOGÃO H=120CM | C34: 87269 | D34: REVESTIMENTO CERÂMICO PARA PAREDES INTERNAS COM PLACAS TIPO ESMALTADA DE DIMENSÕES 25X35 CM APLICADAS NA ALTURA INTEIRA DAS PAREDES. AF_02/2023_PE | E34: M2 | F34: =5.06*1.2+1.2*2.1 -> 8.592 | I34: =SUM(G34:H34) -> 0 | J34: =G34*F34 -> 0 | K34: =H34*F34 -> 0 | L34: =J34+K34 -> 0 | M34: =ROUND(L34*(1+$M$4),2) -> 0
A35: 2.3 | B35: ESQUADRIAS E PORTAS | P35: =M35
A36: 2.3.1 | B36: SOLEIRAS (EM METROS QUADRADOS) | C36: 98689 | D36: [ ADAPTADO PARA M2 ] SOLEIRA EM GRANITO, LARGURA 15 CM, ESPESSURA 2,0 CM. AF_02/2026 | E36: M2 | F36: 2.5 | I36: =SUM(G36:H36) -> 0 | J36: =G36*F36 -> 0 | K36: =H36*F36 -> 0 | L36: =J36+K36 -> 0 | M36: =ROUND(L36*(1+$M$4),2) -> 0
A37: 2.3.2 | B37: PINGADEIRAS | C37: 98689 | D37: PEITORIL LINEAR EM GRANITO OU MÁRMORE, L = 15CM, ASSENTADO COM ARGAMASSA 1:6 COM ADITIVO. AF_11/2020 | E37: M | F37: 1.95 | I37: =SUM(G37:H37) -> 0 | J37: =G37*F37 -> 0 | K37: =H37*F37 -> 0 | L37: =J37+K37 -> 0 | M37: =ROUND(L37*(1+$M$4),2) -> 0
A38: 2.3.3 | B38: JANELAS J01 | C38: ='COMPOSIÇÕES'!A13 -> COMP.01 | D38: ='COMPOSIÇÕES'!B13 -> J01 - JANELA DE ALUMÍNIO, TIPO MAXIM-AR COM VIDRO FIXO, COM VIDROS BATENTE E FERRAGENS. EXCLUSIVE ALIZAR, ACABAMENTO E CONTRAMARCO. FORNECIMENTO E INSTALAÇÃO. | E38: UN | F38: 4 | I38: =SUM(G38:H38) -> 0 | J38: =G38*F38 -> 0 | K38: =H38*F38 -> 0 | L38: =J38+K38 -> 0 | M38: =ROUND(L38*(1+$M$4),2) -> 0
A39: 2.3.4 | B39: JANELAS J02 | C39: 94569 | D39: JANELA DE ALUMÍNIO TIPO MAXIM-AR, BATENTE/ REQUADRO 3 A 14 CM, VIDRO INCLUSO, FIXAÇÃO COM PARAFUSO, SEM GUARNIÇÃO/ ALIZAR, DIMENSÕES 60X80 (A X L) CM, SEM ACABAMENTO, VEDAÇÃO COM SILICONE, EXCLUSIVE CONTRAMARCO - FORNECIMENTO E INSTALAÇÃO. AF_11/2024 | E39: M2 | F39: =2.53*0.9*2 -> 4.554 | I39: =SUM(G39:H39) -> 0 | J39: =G39*F39 -> 0 | K39: =H39*F39 -> 0 | L39: =J39+K39 -> 0 | M39: =ROUND(L39*(1+$M$4),2) -> 0
A40: 2.3.5 | B40: JANELAS J03 | C40: 94569 | D40: JANELA DE ALUMÍNIO TIPO MAXIM-AR, BATENTE/ REQUADRO 3 A 14 CM, VIDRO INCLUSO, FIXAÇÃO COM PARAFUSO, SEM GUARNIÇÃO/ ALIZAR, DIMENSÕES 60X80 (A X L) CM, SEM ACABAMENTO, VEDAÇÃO COM SILICONE, EXCLUSIVE CONTRAMARCO - FORNECIMENTO E INSTALAÇÃO. AF_11/2024 | E40: M2 | F40: =1.5*0.5*2 -> 1.5 | I40: =SUM(G40:H40) -> 0 | J40: =G40*F40 -> 0 | K40: =H40*F40 -> 0 | L40: =J40+K40 -> 0 | M40: =ROUND(L40*(1+$M$4),2) -> 0
A41: 2.3.6 | B41: JANELAS J04 | C41: COMP.02 | D41: ='COMPOSIÇÕES'!B26 -> J04 - JANELA DE ALUMÍNIO, TIPO MAXIM-AR COM VIDRO FIXO, COM VIDROS BATENTE E FERRAGENS. EXCLUSIVE ALIZAR, ACABAMENTO E CONTRAMARCO. FORNECIMENTO E INSTALAÇÃO. | E41: UN | F41: 2 | I41: =SUM(G41:H41) -> 0 | J41: =G41*F41 -> 0 | K41: =H41*F41 -> 0 | L41: =J41+K41 -> 0 | M41: =ROUND(L41*(1+$M$4),2) -> 0
A42: 2.3.7 | B42: PORTA P01 | C42: ='COMPOSIÇÕES'!A39 -> COMP.03 | D42: ='COMPOSIÇÕES'!B39 -> P01 - PORTA DE CORRER DE ALUMÍNIO, COM DUAS FOLHAS PARA VIDRO, INCLUSO VIDRO LISO INCOLOR, COM VIDRO FIXO NA PARTE SUPERIOR, FECHADURA E PUXADOR, SEM ALIZAR. | E42: UN | F42: 1 | I42: =SUM(G42:H42) -> 0 | J42: =G42*F42 -> 0 | K42: =H42*F42 -> 0 | L42: =J42+K42 -> 0 | M42: =ROUND(L42*(1+$M$4),2) -> 0
A43: 2.3.8 | B43: PORTA P02 | C43: 100683 | D43: KIT DE PORTA DE MADEIRA PARA VERNIZ, SEMI-OCA (LEVE OU MÉDIA), PADRÃO MÉDIO, 80X210CM, ESPESSURA DE 3,5CM, ITENS INCLUSOS: DOBRADIÇAS, MONTAGEM E INSTALAÇÃO DE BATENTE, FECHADURA COM EXECUÇÃO DO FURO - FORNECIMENTO E INSTALAÇÃO. AF_10/2025 | E43: UN | F43: 1 | I43: =SUM(G43:H43) -> 0 | J43: =G43*F43 -> 0 | K43: =H43*F43 -> 0 | L43: =J43+K43 -> 0 | M43: =ROUND(L43*(1+$M$4),2) -> 0
A44: 2.3.9 | B44: ALIZAR PARA P02 | C44: 100683 | D44: ALIZAR DE 5X1,5CM PARA PORTA FIXADO COM PREGOS, PADRÃO MÉDIO - FORNECIMENTO E INSTALAÇÃO. AF_10/2025 | E44: M | F44: 10 | I44: =SUM(G44:H44) -> 0 | J44: =G44*F44 -> 0 | K44: =H44*F44 -> 0 | L44: =J44+K44 -> 0 | M44: =ROUND(L44*(1+$M$4),2) -> 0
A45: 2.4 | B45: FORRO E VEDAÇÃO | P45: =M45
A46: 2.4.1 | B46: FORRO DRYWALL | C46: 96110 | D46: FORRO EM DRYWALL PARA AMBIENTES RESIDENCIAIS, INCLUSIVE ESTRUTURA UNIDIRECIONAL DE FIXAÇÃO. AF_08/2023_PS | E46: M2 | F46: 99.5 | I46: =SUM(G46:H46) -> 0 | J46: =G46*F46 -> 0 | K46: =H46*F46 -> 0 | L46: =J46+K46 -> 0 | M46: =ROUND(L46*(1+$M$4),2) -> 0
A47: 2.4.2 | B47: REFORÇO PARA DIVISÓRIA | C47: 96373 | D47: INSTALAÇÃO DE REFORÇO METÁLICO EM PAREDE DRYWALL. AF_07/2023 | E47: M2 | F47: 23.45 | I47: =SUM(G47:H47) -> 0 | J47: =G47*F47 -> 0 | K47: =H47*F47 -> 0 | L47: =J47+K47 -> 0 | M47: =ROUND(L47*(1+$M$4),2) -> 0
A48: 2.4.3 | B48: PAREDE DRYWALL | C48: 96366 | D48: PAREDE COM SISTEMA EM CHAPAS DE GESSO PARA DRYWALL, USO INTERNO, COM DUAS FACES DUPLAS E ESTRUTURA METÁLICA COM GUIAS SIMPLES, SEM VÃOS. AF_07/2023_PS | E48: M2 | F48: 23.45 | I48: =SUM(G48:H48) -> 0 | J48: =G48*F48 -> 0 | K48: =H48*F48 -> 0 | L48: =J48+K48 -> 0 | M48: =ROUND(L48*(1+$M$4),2) -> 0
A49: 2.4.4 | B49: LÃ PARA FORRO E PAREDE | C49: 96366 | D49: PAREDE COM SISTEMA EM CHAPAS DE GESSO PARA DRYWALL, USO INTERNO, COM DUAS FACES DUPLAS E ESTRUTURA METÁLICA COM GUIAS SIMPLES, SEM VÃOS. AF_07/2023_PS | E49: M2 | F49: 23.45 | I49: =SUM(G49:H49) -> 0 | J49: =G49*F49 -> 0 | K49: =H49*F49 -> 0 | L49: =J49+K49 -> 0 | M49: =ROUND(L49*(1+$M$4),2) -> 0
A50: 2.5 | B50: HIDRÁULICA | P50: =M50
A51: 2.5.1 | B51: TORNEIRA DE BANCADA | C51: 86910 | D51: [ADAPTADO - TORNEIRA DE BANCADA] TORNEIRA CROMADA TUBO MÓVEL, DE PAREDE, 1/2" OU 3/4", PARA PIA DE COZINHA, PADRÃO MÉDIO - FORNECIMENTO E INSTALAÇÃO. AF_02/2026 | E51: UN | F51: 1 | I51: =SUM(G51:H51) -> 0 | J51: =G51*F51 -> 0 | K51: =H51*F51 -> 0 | L51: =J51+K51 -> 0 | M51: =ROUND(L51*(1+$M$4),2) -> 0
A52: 2.5.2 | B52: REGISTRO DE GAVETA | C52: 89987 | D52: REGISTRO DE GAVETA BRUTO, LATÃO, ROSCÁVEL, 3/4", COM ACABAMENTO E CANOPLA CROMADOS - FORNECIMENTO E INSTALAÇÃO. AF_08/2021 | E52: UN | F52: 1 | I52: =SUM(G52:H52) -> 0 | J52: =G52*F52 -> 0 | K52: =H52*F52 -> 0 | L52: =J52+K52 -> 0 | M52: =ROUND(L52*(1+$M$4),2) -> 0
A53: 2.5.3 | B53: TUBULAÇÃO 25MM | C53: 89356 | D53: TUBO, PVC, SOLDÁVEL, DE 25MM, INSTALADO EM RAMAL OU SUB-RAMAL DE ÁGUA - FORNECIMENTO E INSTALAÇÃO. AF_06/2022 | E53: M | F53: 5 | I53: =SUM(G53:H53) -> 0 | J53: =G53*F53 -> 0 | K53: =H53*F53 -> 0 | L53: =J53+K53 -> 0 | M53: =ROUND(L53*(1+$M$4),2) -> 0
A54: 2.5.4 | B54: LUVA | C54: 89378 | D54: LUVA, PVC, SOLDÁVEL, DN 25MM, INSTALADO EM RAMAL OU SUB-RAMAL DE ÁGUA - FORNECIMENTO E INSTALAÇÃO. AF_06/2022 | E54: UN | F54: 2 | I54: =SUM(G54:H54) -> 0 | J54: =G54*F54 -> 0 | K54: =H54*F54 -> 0 | L54: =J54+K54 -> 0 | M54: =ROUND(L54*(1+$M$4),2) -> 0
A55: 2.5.5 | B55: JOELHO 90 | C55: 89362 | D55: JOELHO 90 GRAUS, PVC, SOLDÁVEL, DN 25MM, INSTALADO EM RAMAL OU SUB-RAMAL DE ÁGUA - FORNECIMENTO E INSTALAÇÃO. AF_06/2022 | E55: UN | F55: 1 | I55: =SUM(G55:H55) -> 0 | J55: =G55*F55 -> 0 | K55: =H55*F55 -> 0 | L55: =J55+K55 -> 0 | M55: =ROUND(L55*(1+$M$4),2) -> 0
A56: 2.5.6 | B56: ADAPTADOR | C56: 89383 | D56: ADAPTADOR CURTO COM BOLSA E ROSCA PARA REGISTRO, PVC, SOLDÁVEL, DN 25MM X 3/4, INSTALADO EM RAMAL OU SUB-RAMAL DE ÁGUA - FORNECIMENTO E INSTALAÇÃO. AF_06/2022 | E56: UN | F56: 2 | I56: =SUM(G56:H56) -> 0 | J56: =G56*F56 -> 0 | K56: =H56*F56 -> 0 | L56: =J56+K56 -> 0 | M56: =ROUND(L56*(1+$M$4),2) -> 0
A57: 2.6 | B57: ESGOTO E VENTILAÇÃO | P57: =M57
A58: 2.6.1 | B58: CAIXA DE GORDURA | C58: 98110 | D58: CAIXA DE GORDURA PEQUENA (CAPACIDADE: 19 L), CIRCULAR, EM PVC, DIÂMETRO INTERNO= 0,3 M. AF_12/2020 | E58: UN | F58: 1 | I58: =SUM(G58:H58) -> 0 | J58: =G58*F58 -> 0 | K58: =H58*F58 -> 0 | L58: =J58+K58 -> 0 | M58: =ROUND(L58*(1+$M$4),2) -> 0
A59: 2.6.2 | B59: CUBA DE EMBUTIR | C59: 86936 | D59: CUBA DE EMBUTIR DE AÇO INOXIDÁVEL MÉDIA, INCLUSO VÁLVULA TIPO AMERICANA E SIFÃO TIPO GARRAFA EM METAL CROMADO - FORNECIMENTO E INSTALAÇÃO. AF_02/2026 | E59: UN | F59: 1 | I59: =SUM(G59:H59) -> 0 | J59: =G59*F59 -> 0 | K59: =H59*F59 -> 0 | L59: =J59+K59 -> 0 | M59: =ROUND(L59*(1+$M$4),2) -> 0
A60: 2.6.3 | B60: JOELHO 90 - 50MM | C60: 89801 | D60: JOELHO 90 GRAUS, PVC, SERIE NORMAL, ESGOTO PREDIAL, DN 50 MM, JUNTA ELÁSTICA, FORNECIDO E INSTALADO EM PRUMADA DE ESGOTO SANITÁRIO OU VENTILAÇÃO. AF_08/2022 | E60: UN | F60: 3 | I60: =SUM(G60:H60) -> 0 | J60: =G60*F60 -> 0 | K60: =H60*F60 -> 0 | L60: =J60+K60 -> 0 | M60: =ROUND(L60*(1+$M$4),2) -> 0
A61: 2.6.4 | B61: LUVA SIMPLES - 50MM | C61: 89753 | D61: LUVA SIMPLES, PVC, SERIE NORMAL, ESGOTO PREDIAL, DN 50 MM, JUNTA ELÁSTICA, FORNECIDO E INSTALADO EM RAMAL DE DESCARGA OU RAMAL DE ESGOTO SANITÁRIO. AF_08/2022 | E61: UN | F61: 2 | I61: =SUM(G61:H61) -> 0 | J61: =G61*F61 -> 0 | K61: =H61*F61 -> 0 | L61: =J61+K61 -> 0 | M61: =ROUND(L61*(1+$M$4),2) -> 0
A62: 2.6.5 | B62: TUBO PVC 50MM | C62: 89798 | D62: TUBO PVC, SERIE NORMAL, ESGOTO PREDIAL, DN 50 MM, FORNECIDO E INSTALADO EM PRUMADA DE ESGOTO SANITÁRIO OU VENTILAÇÃO. AF_08/2022 | E62: M | F62: 3 | I62: =SUM(G62:H62) -> 0 | J62: =G62*F62 -> 0 | K62: =H62*F62 -> 0 | L62: =J62+K62 -> 0 | M62: =ROUND(L62*(1+$M$4),2) -> 0
A63: 2.6.6 | B63: TE SANITARIO - 50MM | C63: 89825 | D63: TE, PVC, SERIE NORMAL, ESGOTO PREDIAL, DN 50 X 50 MM, JUNTA ELÁSTICA, FORNECIDO E INSTALADO EM PRUMADA DE ESGOTO SANITÁRIO OU VENTILAÇÃO. AF_08/2022 | E63: UN | F63: 1 | I63: =SUM(G63:H63) -> 0 | J63: =G63*F63 -> 0 | K63: =H63*F63 -> 0 | L63: =J63+K63 -> 0 | M63: =ROUND(L63*(1+$M$4),2) -> 0
A64: 2.7 | B64: INSTALAÇÕES ELÉTRICAS | P64: =M64
A65: 2.7.1 | B65: CAIXA DE PASSAGEM - PAREDE - SOBREPOR | C65: 10793/ORSE | D65: Caixa de passagem pvc, 4" x 2", embutir, p/eletroduto - Rev 01 | E65: UN | F65: 1 | I65: =SUM(G65:H65) -> 0 | J65: =G65*F65 -> 0 | K65: =H65*F65 -> 0 | L65: =J65+K65 -> 0 | M65: =ROUND(L65*(1+$M$4),2) -> 0
A66: 2.7.2 | B66: CAIXA PVC OCTOGONAL 4"X4" | C66: 00743/ORSE | D66: Caixa de passagem pvc, 4" x 4" cm, embutir, p/eletroduto | E66: UN | F66: 15 | I66: =SUM(G66:H66) -> 0 | J66: =G66*F66 -> 0 | K66: =H66*F66 -> 0 | L66: =J66+K66 -> 0 | M66: =ROUND(L66*(1+$M$4),2) -> 0
A67: 2.7.3 | B67: CONDULETE PVC 5 ENTRADAS | C67: 95795 | D67: CONDULETE DE ALUMÍNIO, TIPO T, PARA ELETRODUTO DE AÇO GALVANIZADO DN 20 MM (3/4''), APARENTE - FORNECIMENTO E INSTALAÇÃO. AF_01/2026 | E67: UN | F67: 26 | I67: =SUM(G67:H67) -> 0 | J67: =G67*F67 -> 0 | K67: =H67*F67 -> 0 | L67: =J67+K67 -> 0 | M67: =ROUND(L67*(1+$M$4),2) -> 0
A68: 2.7.4 | B68: CURVA 90 PVC 1.1/2" | C68: 93018 | D68: CURVA 90 GRAUS PARA ELETRODUTO, PVC, ROSCÁVEL, DN 50 MM (1 1/2"), PARA REDE ENTERRADA DE DISTRIBUIÇÃO DE ENERGIA ELÉTRICA - FORNECIMENTO E INSTALAÇÃO. AF_12/2021 | E68: UN | F68: 2 | I68: =SUM(G68:H68) -> 0 | J68: =G68*F68 -> 0 | K68: =H68*F68 -> 0 | L68: =J68+K68 -> 0 | M68: =ROUND(L68*(1+$M$4),2) -> 0
A69: 2.7.5 | B69: CURVA 90 PVC 3/4" | C69: 91890 | D69: CURVA 90 GRAUS PARA ELETRODUTO, PVC, ROSCÁVEL, DN 25 MM (3/4"), PARA CIRCUITOS TERMINAIS, INSTALADA EM FORRO - FORNECIMENTO E INSTALAÇÃO. AF_03/2023 | E69: UN | F69: 19 | I69: =SUM(G69:H69) -> 0 | J69: =G69*F69 -> 0 | K69: =H69*F69 -> 0 | L69: =J69+K69 -> 0 | M69: =ROUND(L69*(1+$M$4),2) -> 0
A70: 2.7.6 | B70: CABO 1,5MM² | C70: 91924 | D70: CABO DE COBRE FLEXÍVEL ISOLADO, 1,5 MM², ANTI-CHAMA 450/750 V, PARA CIRCUITOS TERMINAIS - FORNECIMENTO E INSTALAÇÃO. AF_03/2023 | E70: M | F70: =55.5+51.62+22.16+31.66 -> 160.94 | I70: =SUM(G70:H70) -> 0 | J70: =G70*F70 -> 0 | K70: =H70*F70 -> 0 | L70: =J70+K70 -> 0 | M70: =ROUND(L70*(1+$M$4),2) -> 0
A71: 2.7.7 | B71: CABO 2,5MM² | C71: 91926 | D71: CABO DE COBRE FLEXÍVEL ISOLADO, 2,5 MM², ANTI-CHAMA 450/750 V, PARA CIRCUITOS TERMINAIS - FORNECIMENTO E INSTALAÇÃO. AF_03/2023 | E71: M | F71: =90.63+28.41+68.51+62.22 -> 249.77 | I71: =SUM(G71:H71) -> 0 | J71: =G71*F71 -> 0 | K71: =H71*F71 -> 0 | L71: =J71+K71 -> 0 | M71: =ROUND(L71*(1+$M$4),2) -> 0
A72: 2.7.8 | B72: CABO 4MM² | C72: 91928 | D72: CABO DE COBRE FLEXÍVEL ISOLADO, 4 MM², ANTI-CHAMA 450/750 V, PARA CIRCUITOS TERMINAIS - FORNECIMENTO E INSTALAÇÃO. AF_03/2023 | E72: M | F72: =12.71*3 -> 38.13 | I72: =SUM(G72:H72) -> 0 | J72: =G72*F72 -> 0 | K72: =H72*F72 -> 0 | L72: =J72+K72 -> 0 | M72: =ROUND(L72*(1+$M$4),2) -> 0
A73: 2.7.9 | B73: CABO 10MM² | C73: 91932 | D73: CABO DE COBRE FLEXÍVEL ISOLADO, 10 MM², ANTI-CHAMA 450/750 V, PARA CIRCUITOS TERMINAIS - FORNECIMENTO E INSTALAÇÃO. AF_03/2023 | E73: M | F73: =25*4 -> 100 | I73: =SUM(G73:H73) -> 0 | J73: =G73*F73 -> 0 | K73: =H73*F73 -> 0 | L73: =J73+K73 -> 0 | M73: =ROUND(L73*(1+$M$4),2) -> 0
A74: 2.7.10 | B74: CAIXA DE PASSAGEM - ALVENARIA 30X30X30CM | C74: 08075/ORSE | D74: Caixa de passagem em alvenaria de tijolos maciços esp. = 0,12m, dim. int. = 0,30 x 0,30 x 0,30m | E74: UN | F74: 1 | I74: =SUM(G74:H74) -> 0 | J74: =G74*F74 -> 0 | K74: =H74*F74 -> 0 | L74: =J74+K74 -> 0 | M74: =ROUND(L74*(1+$M$4),2) -> 0
A75: 2.7.11 | B75: CAIXA DE PASSAGEM PVC - FIAÇÃO | C75: 00665/ORSE | D75: Caixa de passagem metalica, de sobrepor, com tampa aparafusada, dimensoes 15 x 15 x *10* cm | E75: UN | F75: 6 | I75: =SUM(G75:H75) -> 0 | J75: =G75*F75 -> 0 | K75: =H75*F75 -> 0 | L75: =J75+K75 -> 0 | M75: =ROUND(L75*(1+$M$4),2) -> 0
A76: 2.7.12 | B76: INTERRUPTOR SIMPLES - 3 TECLAS - SOBREPOR | C76: 91967 | D76: INTERRUPTOR SIMPLES (3 MÓDULOS), 10A/250V, INCLUINDO SUPORTE E PLACA - FORNECIMENTO E INSTALAÇÃO. AF_03/2023 | E76: UN | F76: 1 | I76: =SUM(G76:H76) -> 0 | J76: =G76*F76 -> 0 | K76: =H76*F76 -> 0 | L76: =J76+K76 -> 0 | M76: =ROUND(L76*(1+$M$4),2) -> 0
A77: 2.7.13 | B77: INTERRUPTOR SIMPLES - 1 TECLA - SOBREPOR | C77: 91953 | D77: INTERRUPTOR SIMPLES (1 MÓDULO), 10A/250V, INCLUINDO SUPORTE E PLACA - FORNECIMENTO E INSTALAÇÃO. AF_03/2023 | E77: UN | F77: 1 | I77: =SUM(G77:H77) -> 0 | J77: =G77*F77 -> 0 | K77: =H77*F77 -> 0 | L77: =J77+K77 -> 0 | M77: =ROUND(L77*(1+$M$4),2) -> 0
A78: 2.7.14 | B78: TOMADA DUPLA SOBREPOR 20A | C78: 92017 | D78: TOMADA BAIXA DE EMBUTIR (3 MÓDULOS), 2P+T 20 A, INCLUINDO SUPORTE E PLACA - FORNECIMENTO E INSTALAÇÃO. AF_03/2023 | E78: UN | F78: 23 | I78: =SUM(G78:H78) -> 0 | J78: =G78*F78 -> 0 | K78: =H78*F78 -> 0 | L78: =J78+K78 -> 0 | M78: =ROUND(L78*(1+$M$4),2) -> 0
A79: 2.7.15 | B79: TOMADA - AR CONDICIONADO | C79: 92001 | D79: TOMADA BAIXA DE EMBUTIR (1 MÓDULO), 2P+T 20 A, INCLUINDO SUPORTE E PLACA - FORNECIMENTO E INSTALAÇÃO. AF_03/2023 | E79: UN | F79: 2 | I79: =SUM(G79:H79) -> 0 | J79: =G79*F79 -> 0 | K79: =H79*F79 -> 0 | L79: =J79+K79 -> 0 | M79: =ROUND(L79*(1+$M$4),2) -> 0
A80: 2.8 | B80: BANCADAS E ACABAMENTOS | P80: =M80
A81: 2.8.1 | B81: BANCADA PARA COZINHA 250X65CM - INCLUSIVE SAIA DE 6CM | C81: 10759/ORSE | D81: Bancada em granito cinza andorinha, e=2cm | E81: M2 | F81: =2.5*0.65 -> 1.625 | I81: =SUM(G81:H81) -> 0 | J81: =G81*F81 -> 0 | K81: =H81*F81 -> 0 | L81: =J81+K81 -> 0 | M81: =ROUND(L81*(1+$M$4),2) -> 0
A82: 2.8.2 | B82: CUBA INOX | C82: 86935 | D82: CUBA DE EMBUTIR DE AÇO INOXIDÁVEL MÉDIA, INCLUSO VÁLVULA TIPO AMERICANA EM METAL CROMADO E SIFÃO FLEXÍVEL EM PVC - FORNECIMENTO E INSTALAÇÃO. AF_02/2026 | E82: UN | F82: 1 | I82: =SUM(G82:H82) -> 0 | J82: =G82*F82 -> 0 | K82: =H82*F82 -> 0 | L82: =J82+K82 -> 0 | M82: =ROUND(L82*(1+$M$4),2) -> 0
A83: 2.9 | B83: PINTURAS | P83: =M83
A84: 2.9.1 | B84: PINTURA - PAREDES | C84: 88485 | D84: FUNDO SELADOR ACRÍLICO, APLICAÇÃO MANUAL EM PAREDE, UMA DEMÃO. AF_04/2023 | E84: M2 | F84: 217.53 | I84: =SUM(G84:H84) -> 0 | J84: =G84*F84 -> 0 | K84: =H84*F84 -> 0 | L84: =J84+K84 -> 0 | M84: =ROUND(L84*(1+$M$4),2) -> 0
A85: 2.9.2 | B85: PINTURA - PAREDES | C85: 88489 | D85: PINTURA LÁTEX ACRÍLICA PREMIUM, APLICAÇÃO MANUAL EM PAREDES, DUAS DEMÃOS. AF_04/2023 | E85: M2 | F85: 217.53 | I85: =SUM(G85:H85) -> 0 | J85: =G85*F85 -> 0 | K85: =H85*F85 -> 0 | L85: =J85+K85 -> 0 | M85: =ROUND(L85*(1+$M$4),2) -> 0
A86: 2.9.3 | B86: EMASSAMENTO (FORRO) | C86: 88494 | D86: EMASSAMENTO COM MASSA LÁTEX, APLICAÇÃO EM TETO, UMA DEMÃO, LIXAMENTO MANUAL. AF_04/2023 | E86: M2 | F86: 99.5 | I86: =SUM(G86:H86) -> 0 | J86: =G86*F86 -> 0 | K86: =H86*F86 -> 0 | L86: =J86+K86 -> 0 | M86: =ROUND(L86*(1+$M$4),2) -> 0
A87: 2.9.4 | B87: PINTURA DE TETO (FORRO) | C87: 88484 | D87: FUNDO SELADOR ACRÍLICO, APLICAÇÃO MANUAL EM TETO, UMA DEMÃO. AF_04/2023 | E87: M2 | F87: 99.5 | I87: =SUM(G87:H87) -> 0 | J87: =G87*F87 -> 0 | K87: =H87*F87 -> 0 | L87: =J87+K87 -> 0 | M87: =ROUND(L87*(1+$M$4),2) -> 0
A88: 2.9.5 | B88: PINTURA DE TETO (FORRO) | C88: 104639 | D88: PINTURA LÁTEX ACRÍLICA ECONÔMICA, APLICAÇÃO MANUAL EM TETO, DUAS DEMÃOS. AF_04/2023 | E88: M2 | F88: 99.5 | I88: =SUM(G88:H88) -> 0 | J88: =G88*F88 -> 0 | K88: =H88*F88 -> 0 | L88: =J88+K88 -> 0 | M88: =ROUND(L88*(1+$M$4),2) -> 0
A89: 2.9.6 | B89: LIXAMENTO - PINTURA DE PORTA E ALIZAR | C89: 102193 | D89: LIXAMENTO DE MADEIRA PARA APLICAÇÃO DE FUNDO OU PINTURA. AF_01/2021 | E89: M2 | F89: 3.36 | I89: =SUM(G89:H89) -> 0 | J89: =G89*F89 -> 0 | K89: =H89*F89 -> 0 | L89: =J89+K89 -> 0 | M89: =ROUND(L89*(1+$M$4),2) -> 0
A90: 2.9.7 | B90: PINTURA DE PORTA - VERNIZ - INCLUSIVE ALIZAR | C90: 102213 | D90: PINTURA VERNIZ (INCOLOR) ALQUÍDICO EM MADEIRA, USO INTERNO E EXTERNO, 2 DEMÃOS. AF_01/2021 | E90: M2 | F90: 3.36 | I90: =SUM(G90:H90) -> 0 | J90: =G90*F90 -> 0 | K90: =H90*F90 -> 0 | L90: =J90+K90 -> 0 | M90: =ROUND(L90*(1+$M$4),2) -> 0
A91: 2.9.8 | B91: PINTURA EXTERNA | C91: 88415 | D91: APLICAÇÃO MANUAL DE FUNDO SELADOR ACRÍLICO EM PAREDES EXTERNAS DE CASAS. AF_03/2024 | E91: M2 | F91: =62*3.5 -> 217 | I91: =SUM(G91:H91) -> 0 | J91: =G91*F91 -> 0 | K91: =H91*F91 -> 0 | L91: =J91+K91 -> 0 | M91: =ROUND(L91*(1+$M$4),2) -> 0
A92: 2.9.9 | B92: PINTURA EXTERNA | C92: 88489 | D92: PINTURA LÁTEX ACRÍLICA PREMIUM, APLICAÇÃO MANUAL EM PAREDES, DUAS DEMÃOS. AF_04/2023 | E92: M2 | F92: 217 | I92: =SUM(G92:H92) -> 0 | J92: =G92*F92 -> 0 | K92: =H92*F92 -> 0 | L92: =J92+K92 -> 0 | M92: =ROUND(L92*(1+$M$4),2) -> 0
A93: 2.10 | B93: COBERTURA | P93: =M93
A94: 2.10.1 | B94: TROCA DE TELHAS - KALHETÃO | C94: 00238/ORSE | D94: Telhamento com telha de fibrocimento tipo canalete 90 (Eternit ou similar) | E94: M2 | F94: =6*8 -> 48 | I94: =SUM(G94:H94) -> 0 | J94: =G94*F94 -> 0 | K94: =H94*F94 -> 0 | L94: =J94+K94 -> 0 | M94: =ROUND(L94*(1+$M$4),2) -> 0
A96: 3 | B96: ADEQUAÇÕES EXTERNAS | J96: =SUM(J97:J168) -> 0 | K96: =SUM(K97:K168) -> 0 | L96: =SUM(L97:L168) -> 0 | M96: =SUM(M97:M168) -> 0 | O96: =M96 -> 0
A97: 3.1 | B97: REMOÇÕES E DEMOLIÇÕES | P97: =M97
A98: 3.1.1 | B98: REMOÇÃO TEMPORARIA DE CANOS DE ÁGUA PROXIMO A GUARITA | C98: 97662 | D98: REMOÇÃO DE TUBULAÇÕES (TUBOS E CONEXÕES) DE ÁGUA FRIA, DE FORMA MANUAL, SEM REAPROVEITAMENTO. AF_09/2023 | E98: M | F98: 3 | I98: =SUM(G98:H98) -> 0 | J98: =G98*F98 -> 0 | K98: =H98*F98 -> 0 | L98: =J98+K98 -> 0 | M98: =ROUND(L98*(1+$M$4),2) -> 0
A99: 3.1.2 | B99: DEMOLIÇÃO DE CALÇADA - ESTACIONAMENTO C/ REAPROVEITAMENTO DE PISO PODOTÁTIL | C99: 104790 (ADAPTADO) | D99: (ADAPTADO PARA COM REAPROVEITAMENTO DE PISO PODOTÁTIL DE CONCRETO) DEMOLIÇÃO DE PISO DE CONCRETO SIMPLES, DE FORMA MECANIZADA COM MARTELETE, SEM REAPROVEITAMENTO. AF_09/2023 | E99: M3 | F99: 3.05 | I99: =SUM(G99:H99) -> 0 | J99: =G99*F99 -> 0 | K99: =H99*F99 -> 0 | L99: =J99+K99 -> 0 | M99: =ROUND(L99*(1+$M$4),2) -> 0
A100: 3.1.3 | B100: DEMOLIÇÃO DE CALÇADA - ENTRADA DA SALA DE VIVÊNCIA DE ALUNOS | C100: 104791 | D100: DEMOLIÇÃO DE PISO DE CONCRETO SIMPLES, DE FORMA MECANIZADA COM MARTELETE, SEM REAPROVEITAMENTO. AF_09/2024 | E100: M3 | F100: 1 | I100: =SUM(G100:H100) -> 0 | J100: =G100*F100 -> 0 | K100: =H100*F100 -> 0 | L100: =J100+K100 -> 0 | M100: =ROUND(L100*(1+$M$4),2) -> 0
A101: 3.1.4 | B101: DEMOLIÇÃO DE PISO - ESTACIONAMENTO | C101: 104789 | D101: DEMOLIÇÃO DE PISO DE CONCRETO SIMPLES, DE FORMA MANUAL, SEM REAPROVEITAMENTO. AF_09/2023 | E101: M3 | F101: 8.75 | I101: =SUM(G101:H101) -> 0 | J101: =G101*F101 -> 0 | K101: =H101*F101 -> 0 | L101: =J101+K101 -> 0 | M101: =ROUND(L101*(1+$M$4),2) -> 0
A102: 3.1.5 | B102: DEMOLIÇÃO DE MESAS E BANCOS DE CONCRETO + PISOS - LOCAL DE VIVÊNCIA | C102: 00013/ORSE | D102: DEMOLIÇÃO DE CONCRETO MANUALMENTE | E102: M3 | F102: 2 | I102: =SUM(G102:H102) -> 0 | J102: =G102*F102 -> 0 | K102: =H102*F102 -> 0 | L102: =J102+K102 -> 0 | M102: =ROUND(L102*(1+$M$4),2) -> 0
A103: 3.1.6 | B103: LIMPEZA DE VEGETAÇÃO - LOCAL DE VIVÊNCIA | C103: 98524 | D103: LIMPEZA MANUAL DE VEGETAÇÃO EM TERRENO COM ENXADA. AF_03/2024 | E103: M2 | F103: 131.59 | I103: =SUM(G103:H103) -> 0 | J103: =G103*F103 -> 0 | K103: =H103*F103 -> 0 | L103: =J103+K103 -> 0 | M103: =ROUND(L103*(1+$M$4),2) -> 0
A104: 3.1.7 | B104: REMOÇÃO DE ARVORES - ESTACIONAMENTO | C104: 98531 | D104: CORTE RASO E RECORTE DE ÁRVORE COM DIÂMETRO DE TRONCO MAIOR OU IGUAL A 0,60 M. AF_03/2024 | E104: UN | F104: 1 | I104: =SUM(G104:H104) -> 0 | J104: =G104*F104 -> 0 | K104: =H104*F104 -> 0 | L104: =J104+K104 -> 0 | M104: =ROUND(L104*(1+$M$4),2) -> 0
A105: 3.1.8 | B105: REMOÇÃO DE ARVORES - ESTACIONAMENTO | C105: 98528 | D105: REMOÇÃO DE RAÍZES REMANESCENTES DE TRONCO DE ÁRVORE COM DIÂMETRO MAIOR OU IGUAL A 0,60 M. AF_03/2024 | E105: UN | F105: 1 | I105: =SUM(G105:H105) -> 0 | J105: =G105*F105 -> 0 | K105: =H105*F105 -> 0 | L105: =J105+K105 -> 0 | M105: =ROUND(L105*(1+$M$4),2) -> 0
...

Sheet CRONOGRAMA - OBRA
D3: UNIVERSIDADE ESTADUAL DO NORTE DO PARANÁ
D4: CNPJ: 08.885.100/0001-54
D5: OBRA : ADEQUAÇÕES NO CAMPUS DE CORNÉLIO PROCÓPIO
D6: Local: Campus Cornélio Procópio - CCP
D7: Data do orçamento: SETEMBRO/2026
D8: SINAPI_Referências_PR_202606_SEM_DESONERAÇÃO
D9: RESP. TÉCNICO: HENRIQUE FRANCIZ XIMENES DE ANDRADE BILBAO ENGENHEIRO CIVIL - CREA-PR 160.587/D
A11: CRONOGRAMA FÍSICO- FINANCEIRO
B12: SERVIÇO/LOCAL | E12: MÊS 1 | G12: MÊS 2 | I12: MÊS 3 | K12: MÊS 4
C13: Valores | D13: % | E13: % | F13: R$ | G13: % | H13: R$ | I13: % | J13: R$ | K13: % | L13: R$
A14: 1 | B14: =IFERROR(VLOOKUP(A14,'ORÇAMENTO'!$A$13:$M$222,2,0),"") -> SERVIÇOS PRELIMINARES | C14: =IFERROR(VLOOKUP(A14,'ORÇAMENTO'!$A$13:$M$222,13,0),"") -> 0 | D14: =C14/$C$25 -> #DIV/0! | E14: 0.5 | F14: =E14*$C14 -> 0 | G14: 0.5 | H14: =G14*$C14 -> 0 | J14: =I14*$C14 -> 0 | L14: =K14*$C14 -> 0 | M14: =E14+G14+I14+K14 -> 1
A15: 2 | B15: =IFERROR(VLOOKUP(A15,'ORÇAMENTO'!$A$13:$M$222,2,0),"") -> REFORMA DA SALA DE CONVIVÊNCIA DOS ALUNOS | C15: =IFERROR(VLOOKUP(A15,'ORÇAMENTO'!$A$13:$M$222,13,0),"") -> 0 | D15: =C15/$C$25 -> #DIV/0! | E15: 0.15 | F15: =E15*C15 -> 0 | G15: 0.15 | H15: =G15*$C15 -> 0 | I15: 0.3 | J15: =I15*$C15 -> 0 | K15: 0.4 | L15: =K15*$C15 -> 0 | M15: =E15+G15+I15+K15 -> 1
A16: 3 | B16: =IFERROR(VLOOKUP(A16,'ORÇAMENTO'!$A$13:$M$222,2,0),"") -> ADEQUAÇÕES EXTERNAS | C16: =IFERROR(VLOOKUP(A16,'ORÇAMENTO'!$A$13:$M$222,13,0),"") -> 0 | D16: =C16/$C$25 -> #DIV/0! | E16: 0.5 | F16: =E16*C16 -> 0 | G16: 0.5 | H16: =G16*$C16 -> 0 | J16: =I16*$C16 -> 0 | L16: =K16*$C16 -> 0 | M16: =E16+G16+I16+K16 -> 1
A17: 4 | B17: =IFERROR(VLOOKUP(A17,'ORÇAMENTO'!$A$13:$M$222,2,0),"") -> ACESSO E DRENAGEM QUADRA DE AREIA | C17: =IFERROR(VLOOKUP(A17,'ORÇAMENTO'!$A$13:$M$222,13,0),"") -> 0 | D17: =C17/$C$25 -> #DIV/0! | F17: =E17*C17 -> 0 | H17: =G17*$C17 -> 0 | I17: 0.5 | J17: =I17*$C17 -> 0 | K17: 0.5 | L17: =K17*$C17 -> 0 | M17: =E17+G17+I17+K17 -> 1
A18: 5 | B18: =IFERROR(VLOOKUP(A18,'ORÇAMENTO'!$A$13:$M$222,2,0),"") -> ILUMINAÇÃO DA QUADRA DESCOBERTA | C18: =IFERROR(VLOOKUP(A18,'ORÇAMENTO'!$A$13:$M$222,13,0),"") -> 0 | D18: =C18/$C$25 -> #DIV/0! | F18: =E18*C18 -> 0 | H18: =G18*$C18 -> 0 | I18: 1 | J18: =I18*$C18 -> 0 | L18: =K18*$C18 -> 0 | M18: =E18+G18+I18+K18 -> 1
A19: 6 | B19: =IFERROR(VLOOKUP(A19,'ORÇAMENTO'!$A$13:$M$222,2,0),"") -> SALA DO NAE | C19: =IFERROR(VLOOKUP(A19,'ORÇAMENTO'!$A$13:$M$222,13,0),"") -> 0 | D19: =C19/$C$25 -> #DIV/0! | F19: =E19*C19 -> 0 | H19: =G19*$C19 -> 0 | I19: 1 | J19: =I19*$C19 -> 0 | L19: =K19*$C19 -> 0 | M19: =E19+G19+I19+K19 -> 1
A20: 7 | B20: =IFERROR(VLOOKUP(A20,'ORÇAMENTO'!$A$13:$M$222,2,0),"") -> DEMOLIÇÃO DE BARRACÃO DA MANUTENÇÃO | C20: =IFERROR(VLOOKUP(A20,'ORÇAMENTO'!$A$13:$M$222,13,0),"") -> 0 | D20: =C20/$C$25 -> #DIV/0! | F20: =E20*C20 -> 0 | H20: =G20*$C20 -> 0 | I20: 1 | J20: =I20*$C20 -> 0 | L20: =K20*$C20 -> 0 | M20: =E20+G20+I20+K20 -> 1
A21: 8 | B21: =IFERROR(VLOOKUP(A21,'ORÇAMENTO'!$A$13:$M$222,2,0),"") -> RETIRADA DE ENTULHO E LIMPEZA | C21: =IFERROR(VLOOKUP(A21,'ORÇAMENTO'!$A$13:$M$222,13,0),"") -> 0 | D21: =C21/$C$25 -> #DIV/0! | E21: 0.1 | F21: =E21*C21 -> 0 | G21: 0.2 | H21: =G21*$C21 -> 0 | I21: 0.2 | J21: =I21*$C21 -> 0 | K21: 0.5 | L21: =K21*$C21 -> 0 | M21: =E21+G21+I21+K21 -> 1
A22: 9 | B22: =IFERROR(VLOOKUP(A22,'ORÇAMENTO'!$A$13:$M$222,2,0),"") | C22: =IFERROR(VLOOKUP(A22,'ORÇAMENTO'!$A$13:$M$222,13,0),"") | D22: =C22/$C$25 -> #DIV/0! | F22: =E22*C22 -> 0 | H22: =G22*$C22 -> 0 | J22: =I22*$C22 -> 0 | L22: =K22*$C22 -> 0 | M22: =E22+G22+I22+K22 -> 0
A23: 10 | B23: =IFERROR(VLOOKUP(A23,'ORÇAMENTO'!$A$13:$M$222,2,0),"") | C23: =IFERROR(VLOOKUP(A23,'ORÇAMENTO'!$A$13:$M$222,13,0),"") | D23: =C23/$C$25 -> #DIV/0! | F23: =E23*C23 -> 0 | H23: =G23*$C23 -> 0 | J23: =I23*$C23 -> 0 | L23: =K23*$C23 -> 0 | M23: =E23+G23+I23+K23 -> 0
A24: 11 | B24: =IFERROR(VLOOKUP(A24,'ORÇAMENTO'!$A$13:$M$222,2,0),"") | C24: =IFERROR(VLOOKUP(A24,'ORÇAMENTO'!$A$13:$M$222,13,0),"") | D24: =C24/$C$25 -> #DIV/0! | F24: =E24*C24 -> 0 | H24: =G24*$C24 -> 0 | J24: =I24*$C24 -> 0 | L24: =K24*$C24 -> 0 | M24: =E24+G24+I24+K24 -> 0
B25: TOTAL | C25: =SUM(C14:C24) -> 0 | D25: =C25/$C$25 -> #DIV/0!
D27: R$ parcial (valor período) | E27: =SUM(F14:F25) -> 0 | G27: =SUM(H14:H25) -> 0 | I27: =SUM(J14:J25) -> 0 | K27: =SUM(L14:L25) -> 0
D28: %_parcial (período) | E28: =SUM(E27/$C$25) -> #DIV/0! | G28: =SUM(G27/$C$25) -> #DIV/0! | I28: =SUM(I27/$C$25) -> #DIV/0! | K28: =SUM(K27/$C$25) -> #DIV/0!
D29: R$_ acumulado | E29: =E27 -> 0 | G29: =E29+G27 -> 0 | I29: =G29+I27 -> 0 | K29: =I29+K27 -> 0
D30: %_acumulado | E30: =E28 -> #DIV/0! | G30: =E30+G28 -> #DIV/0! | I30: =G30+I28 -> #DIV/0! | K30: =I30+K28 -> #DIV/0!

Sheet COMPOSIÇÕES
D2: UNIVERSIDADE ESTADUAL DO NORTE DO PARANÁ
D3: CNPJ: 08.885.100/0001-54
D4: OBRA : ADEQUAÇÕES NO CAMPUS DE CORNÉLIO PROCÓPIO
D5: Local: Campus Cornélio Procópio - CCP
D6: Data do orçamento: SETEMBRO/2026
D7: SINAPI_Referências_PR_202606_SEM_DESONERAÇÃO
D8: RESP. TÉCNICO: HENRIQUE FRANCIZ XIMENES DE ANDRADE BILBAO ENGENHEIRO CIVIL - CREA-PR 160.587/D
A10: COMPOSIÇÕES UENP
A13: COMP.01 | B13: J01 - JANELA DE ALUMÍNIO, TIPO MAXIM-AR COM VIDRO FIXO, COM VIDROS BATENTE E FERRAGENS. EXCLUSIVE ALIZAR, ACABAMENTO E CONTRAMARCO. FORNECIMENTO E INSTALAÇÃO. | C13: UN
A14: CÓDIGO | B14: ITEM | C14: UN | D14: QNT. | E14: MAT. + EQUIP. | F14: MÃO DE OBRA | G14: VALOR UNITÁRIO | H14: TOTAL MATERIAL | I14: TOTAL M.O. | J14: VALOR TOTAL
A15: 88316 | B15: SERVENTE COM ENCARGOS COMPLEMENTARES | C15: H | D15: 3.084 | E15: 0 | F15: 31.41 | G15: =SUM(E15:F15) -> 31.41 | H15: =E15*D15 -> 0 | I15: =F15*D15 -> 96.86844 | J15: =G15*D15 -> 96.86844
A16: 88325 | B16: VIDRACEIRO COM ENCARGOS COMPLEMENTARES | C16: H | D16: 2.379 | E16: 0 | F16: 40.45 | G16: =SUM(E16:F16) -> 40.45 | H16: =E16*D16 -> 0 | I16: =F16*D16 -> 96.23055 | J16: =G16*D16 -> 96.23055
A17: 4377 | B17: PARAFUSO DE ACO ZINCADO COM ROSCA SOBERBA, CABECA CHATA E FENDA SIMPLES, DIAMETRO 4,2 MM, COMPRIMENTO * 32 * MM | C17: UN | D17: 71.248 | E17: 0.15 | F17: 0 | G17: =SUM(E17:F17) -> 0.15 | H17: =E17*D17 -> 10.6872 | I17: =F17*D17 -> 0 | J17: =G17*D17 -> 10.6872
A18: 34381 | B18: [ADAPTADO PARA M2] JANELA MAXIM AR, EM ALUMINIO PERFIL 25, 60 X 80 CM (A X L), ACABAMENTO BRANCO OU BRILHANTE, BATENTE DE 4 A 5 CM, COM VIDRO 4 MM, SEM GUARNICAO/ALIZAR | C18: M2 | D18: =0.55*2.77 -> 1.5235 | E18: =564.57/(0.6*0.8) -> 1176.1875 | F18: 0 | G18: =SUM(E18:F18) -> 1176.1875 | H18: =E18*D18 -> 1791.9217 | I18: =F18*D18 -> 0 | J18: =G18*D18 -> 1791.9217
A19: 10505 | B19: VIDRO TEMPERADO INCOLOR E = 6 MM, SEM COLOCACAO | C19: M2 | D19: 2.99 | E19: 261.86 | F19: 0 | G19: =SUM(E19:F19) -> 261.86 | H19: =E19*D19 -> 782.9614 | I19: =F19*D19 -> 0 | J19: =G19*D19 -> 782.9614
A20: 11950 | B20: BUCHA DE NYLON SEM ABA S6, COM PARAFUSO DE 4,20 X 40 MM EM ACO ZINCADO COM ROSCA SOBERBA, CABECA CHATA E FENDA PHILLIPS | C20: UN | D20: 3.448 | E20: 0.33 | F20: 0 | G20: =SUM(E20:F20) -> 0.33 | H20: =E20*D20 -> 1.13784 | I20: =F20*D20 -> 0 | J20: =G20*D20 -> 1.13784
A21: 34360 | B21: PERFIL DE ALUMINIO ANODIZADO | C21: KG | D21: 1.513 | E21: 60.63 | F21: 0 | G21: =SUM(E21:F21) -> 60.63 | H21: =E21*D21 -> 91.73319 | I21: =F21*D21 -> 0 | J21: =G21*D21 -> 91.73319
A22: 39432 | B22: FITA DE PAPEL REFORCADA COM LAMINA DE METAL PARA REFORCO DE CANTOS DE CHAPA DE GESSO PARA DRYWALL | C22: M | D22: 4.697 | E22: 3.14 | F22: 0 | G22: =SUM(E22:F22) -> 3.14 | H22: =E22*D22 -> 14.74858 | I22: =F22*D22 -> 0 | J22: =G22*D22 -> 14.74858
A23: 39961 | B23: SILICONE ACETICO USO GERAL INCOLOR 280G | C23: UN | D23: 4.263 | E23: 23.04 | F23: 0 | G23: =SUM(E23:F23) -> 23.04 | H23: =E23*D23 -> 98.21952 | I23: =F23*D23 -> 0 | J23: =G23*D23 -> 98.21952
G24: Total | H24: =SUM(H15:H23) -> 2791.4094 | I24: =SUM(I15:I23) -> 193.09899 | J24: =SUM(J15:J23) -> 2984.5084
A26: COMP.02 | B26: J04 - JANELA DE ALUMÍNIO, TIPO MAXIM-AR COM VIDRO FIXO, COM VIDROS BATENTE E FERRAGENS. EXCLUSIVE ALIZAR, ACABAMENTO E CONTRAMARCO. FORNECIMENTO E INSTALAÇÃO. | C26: UN
A27: CÓDIGO | B27: ITEM | C27: UN | D27: QNT. | E27: MAT. + EQUIP. | F27: MÃO DE OBRA | G27: VALOR UNITÁRIO | H27: TOTAL MATERIAL | I27: TOTAL M.O. | J27: VALOR TOTAL
A28: 88316 | B28: SERVENTE COM ENCARGOS COMPLEMENTARES | C28: H | D28: 3.084 | E28: 0 | F28: 31.41 | G28: =SUM(E28:F28) -> 31.41 | H28: =E28*D28 -> 0 | I28: =F28*D28 -> 96.86844 | J28: =G28*D28 -> 96.86844
A29: 88325 | B29: VIDRACEIRO COM ENCARGOS COMPLEMENTARES | C29: H | D29: 2.379 | E29: 0 | F29: 40.45 | G29: =SUM(E29:F29) -> 40.45 | H29: =E29*D29 -> 0 | I29: =F29*D29 -> 96.23055 | J29: =G29*D29 -> 96.23055
A30: 4377 | B30: PARAFUSO DE ACO ZINCADO COM ROSCA SOBERBA, CABECA CHATA E FENDA SIMPLES, DIAMETRO 4,2 MM, COMPRIMENTO * 32 * MM | C30: UN | D30: 71.248 | E30: 0.15 | F30: 0 | G30: =SUM(E30:F30) -> 0.15 | H30: =E30*D30 -> 10.6872 | I30: =F30*D30 -> 0 | J30: =G30*D30 -> 10.6872
A31: 34381 | B31: [ADAPTADO PARA M2] JANELA MAXIM AR, EM ALUMINIO PERFIL 25, 60 X 80 CM (A X L), ACABAMENTO BRANCO OU BRILHANTE, BATENTE DE 4 A 5 CM, COM VIDRO 4 MM, SEM GUARNICAO/ALIZAR | C31: M2 | D31: =0.55*2 -> 1.1 | E31: =564.57/(0.6*0.8) -> 1176.1875 | F31: 0 | G31: =SUM(E31:F31) -> 1176.1875 | H31: =E31*D31 -> 1293.8063 | I31: =F31*D31 -> 0 | J31: =G31*D31 -> 1293.8063
A32: 10505 | B32: VIDRO TEMPERADO INCOLOR E = 6 MM, SEM COLOCACAO | C32: M2 | D32: =0.55*0.55*9 -> 2.7225 | E32: 261.86 | F32: 0 | G32: =SUM(E32:F32) -> 261.86 | H32: =E32*D32 -> 712.91385 | I32: =F32*D32 -> 0 | J32: =G32*D32 -> 712.91385
A33: 11950 | B33: BUCHA DE NYLON SEM ABA S6, COM PARAFUSO DE 4,20 X 40 MM EM ACO ZINCADO COM ROSCA SOBERBA, CABECA CHATA E FENDA PHILLIPS | C33: UN | D33: 3 | E33: 0.33 | F33: 0 | G33: =SUM(E33:F33) -> 0.33 | H33: =E33*D33 -> 0.99 | I33: =F33*D33 -> 0 | J33: =G33*D33 -> 0.99
A34: 34360 | B34: PERFIL DE ALUMINIO ANODIZADO | C34: KG | D34: 3.5 | E34: 60.63 | F34: 0 | G34: =SUM(E34:F34) -> 60.63 | H34: =E34*D34 -> 212.205 | I34: =F34*D34 -> 0 | J34: =G34*D34 -> 212.205
A35: 39432 | B35: FITA DE PAPEL REFORCADA COM LAMINA DE METAL PARA REFORCO DE CANTOS DE CHAPA DE GESSO PARA DRYWALL | C35: M | D35: 4.697 | E35: 3.14 | F35: 0 | G35: =SUM(E35:F35) -> 3.14 | H35: =E35*D35 -> 14.74858 | I35: =F35*D35 -> 0 | J35: =G35*D35 -> 14.74858
A36: 39961 | B36: SILICONE ACETICO USO GERAL INCOLOR 280G | C36: UN | D36: 4.263 | E36: 23.04 | F36: 0 | G36: =SUM(E36:F36) -> 23.04 | H36: =E36*D36 -> 98.21952 | I36: =F36*D36 -> 0 | J36: =G36*D36 -> 98.21952
G37: Total | H37: =SUM(H28:H36) -> 2343.5704 | I37: =SUM(I28:I36) -> 193.09899 | J37: =SUM(J28:J36) -> 2536.6694
A39: COMP.03 | B39: P01 - PORTA DE CORRER DE ALUMÍNIO, COM DUAS FOLHAS PARA VIDRO, INCLUSO VIDRO LISO INCOLOR, COM VIDRO FIXO NA PARTE SUPERIOR, FECHADURA E PUXADOR, SEM ALIZAR. | C39: UN
A40: CÓDIGO | B40: ITEM | C40: UN | D40: QNT. | E40: MAT. + EQUIP. | F40: MÃO DE OBRA | G40: VALOR UNITÁRIO | H40: TOTAL MATERIAL | I40: TOTAL M.O. | J40: VALOR TOTAL
A41: 142 | B41: SELANTE ELASTICO MONOCOMPONENTE A BASE DE POLIURETANO (PU) PARA JUNTAS DIVERSAS | C41: 310ML | D41: 0.51 | E41: 34.86 | F41: 0 | G41: =SUM(E41:F41) -> 34.86 | H41: =E41*D41 -> 17.7786 | I41: =F41*D41 -> 0 | J41: =G41*D41 -> 17.7786
A42: 4922 | B42: PORTA DE CORRER EM ALUMINIO, DUAS FOLHAS MOVEIS COM VIDRO, FECHADURA E PUXADOR EMBUTIDO, ACABAMENTO ANODIZADO NATURAL, SEM GUARNICAO/ALIZAR/VISTA | C42: M2 | D42: =1.2*2.1 -> 2.52 | E42: 0 | F42: 0 | G42: =SUM(E42:F42) -> 0 | H42: =E42*D42 -> 0 | I42: =F42*D42 -> 0 | J42: =G42*D42 -> 0
A43: 7568 | B43: BUCHA DE NYLON SEM ABA S10, COM PARAFUSO DE 6,10 X 65 MM EM ACO ZINCADO COM ROSCA SOBERBA, CABECA CHATA E FENDA PHILLIPS | C43: UN | D43: 24 | E43: 27.97 | F43: 0 | G43: =SUM(E43:F43) -> 27.97 | H43: =E43*D43 -> 671.28 | I43: =F43*D43 -> 0 | J43: =G43*D43 -> 671.28
A44: 36888 | B44: GUARNICAO / MOLDURA / ARREMATE DE ACABAMENTO PARA ESQUADRIA, EM ALUMINIO PERFIL 25, ACABAMENTO ANODIZADO BRANCO OU BRILHANTE, PARA 1 FACE | C44: M | D44: 6.7 | E44: 56.22 | F44: 0 | G44: =SUM(E44:F44) -> 56.22 | H44: =E44*D44 -> 376.674 | I44: =F44*D44 -> 0 | J44: =G44*D44 -> 376.674
A45: 10506 | B45: VIDRO TEMPERADO INCOLOR E = 8 MM, SEM COLOCACAO | C45: M2 | D45: 2.52 | E45: 341.84 | F45: 0 | G45: =SUM(E45:F45) -> 341.84 | H45: =E45*D45 -> 861.4368 | I45: =F45*D45 -> 0 | J45: =G45*D45 -> 861.4368
A46: 34360 | B46: PERFIL DE ALUMINIO ANODIZADO | C46: KG | D46: 2.01 | E46: 60.63 | F46: 0 | G46: =SUM(E46:F46) -> 60.63 | H46: =E46*D46 -> 121.8663 | I46: =F46*D46 -> 0 | J46: =G46*D46 -> 121.8663
A47: 39432 | B47: FITA DE PAPEL REFORCADA COM LAMINA DE METAL PARA REFORCO DE CANTOS DE CHAPA DE GESSO PARA DRYWALL | C47: M | D47: 6.7 | E47: 3.14 | F47: 0 | G47: =SUM(E47:F47) -> 3.14 | H47: =E47*D47 -> 21.038 | I47: =F47*D47 -> 0 | J47: =G47*D47 -> 21.038
A48: 39961 | B48: SILICONE ACETICO USO GERAL INCOLOR 280 G | C48: UN | D48: 0.83 | E48: 23.04 | F48: 0 | G48: =SUM(E48:F48) -> 23.04 | H48: =E48*D48 -> 19.1232 | I48: =F48*D48 -> 0 | J48: =G48*D48 -> 19.1232
A49: 88309 | B49: PEDREIRO COM ENCARGOS COMPLEMENTARES | C49: H | D49: 0.36 | E49: 0 | F49: 40.19 | G49: =SUM(E49:F49) -> 40.19 | H49: =E49*D49 -> 0 | I49: =F49*D49 -> 14.4684 | J49: =G49*D49 -> 14.4684
A50: 88316 | B50: SERVENTE COM ENCARGOS COMPLEMENTARES | C50: H | D50: 1.65 | E50: 0 | F50: 31.41 | G50: =SUM(E50:F50) -> 31.41 | H50: =E50*D50 -> 0 | I50: =F50*D50 -> 51.8265 | J50: =G50*D50 -> 51.8265
A51: 88325 | B51: VIDRACEIRO COM ENCARGOS COMPLEMENTARES | C51: H | D51: 1.51 | E51: 0 | F51: 40.45 | G51: =SUM(E51:F51) -> 40.45 | H51: =E51*D51 -> 0 | I51: =F51*D51 -> 61.0795 | J51: =G51*D51 -> 61.0795
G52: Total | H52: =SUM(H41:H51) -> 2089.1969 | I52: =SUM(I41:I51) -> 127.3744 | J52: =SUM(J41:J51) -> 2216.5713
A54: COMP.04 | B54: EXECUÇÃO DE FAIXA ELEVADA COM FORNECIMENTO DE MATERIAL, INCLUSO MÃO DE OBRA | C54: M3
A55: CÓDIGO | B55: ITEM | C55: UN | D55: QNT. | E55: MAT. + EQUIP. | F55: MÃO DE OBRA | G55: VALOR UNITÁRIO | H55: TOTAL MATERIAL | I55: TOTAL M.O. | J55: VALOR TOTAL
A56: 4011353 / SICRO | B56: EXECUÇÃO DE PINTURA DE LIGAÇÃO (RR-2C) | C56: M2 | D56: 0.11 | E56: 0.46 | F56: 61.23 | G56: =E56+F56 -> 61.69 | H56: =E56*D56 -> 0.0506 | I56: =F56*D56 -> 6.7353 | J56: =G56*D56 -> 6.7859
A57: 4011351 / SICRO | B57: IMPRIMAÇÃO COM ASFALTO DILUÍDO CM-30 | C57: M2 | D57: 0.11 | E57: 0.61 | F57: 61.23 | G57: =E57+F57 -> 61.84 | H57: =E57*D57 -> 0.0671 | I57: =F57*D57 -> 6.7353 | J57: =G57*D57 -> 6.8024
A58: 4011463 / SICRO | B58: CONCRETO ASFÁLTICO - FAIXA C - AREIA E BRITAS COMERCIAIS | C58: T | D58: 0.11 | E58: 199.38 | F58: 0 | G58: =E58+F58 -> 199.38 | H58: =E58*D58 -> 21.9318 | I58: =F58*D58 -> 0 | J58: =G58*D58 -> 21.9318
A59: 95995 | B59: EXECUÇÃO DE PAVIMENTO COM APLICAÇÃO DE CONCRETO ASFÁLTICO, CAMADA DE ROLAMENTO - EXCLUSIVE CARGA E TRANSPORTE. AF_11/2019 | C59: M3 | D59: 1 | E59: 1428.62 | F59: 62.94 | G59: =E59+F59 -> 1491.56 | H59: =E59*D59 -> 1428.62 | I59: =F59*D59 -> 62.94 | J59: =G59*D59 -> 1491.56
A60: 5914649 / SICRO | B60: CARGA, MANOBRA E DESCARGA DE MISTURA BETUMINOSA A QUENTE EM CAMINHÃO BASCULANTE DE 10M3 - CARGA EM USINA DE ASFALTO 100/140 T/H E DESCARGA EM VIBROACABADORA | C60: T | D60: 0.11 | E60: 9.68 | F60: 0 | G60: =E60+F60 -> 9.68 | H60: =E60*D60 -> 1.0648 | I60: =F60*D60 -> 0 | J60: =G60*D60 -> 1.0648
A61: 5914612 / SICRO | B61: TRANSPORTE DE MISTURA BETUMINOSA A QUENTE COM CAMINHÃO COM CAÇAMBA TÉRMICA DE 6 M3 - RODOVIA PAVIMENTADA | C61: TXKM | D61: 0.11 | E61: 1.04 | F61: 0 | G61: =E61+F61 -> 1.04 | H61: =E61*D61 -> 0.1144 | I61: =F61*D61 -> 0 | J61: =G61*D61 -> 0.1144 | L61: https://buscadorsicro.com.br/pr/composicao/5914649
G62: Total | H62: =SUM(H56:H61) -> 1451.8487 | I62: =SUM(I56:I61) -> 76.4106 | J62: =SUM(J56:J61) -> 1528.2593
A64: COMP.05 | B64: COBERTURA METÁLICA - ESTRUTURA, TELHA DE ZINCO E CHUMBAMENTO - INCLUSIVE PINTURA 2 DEMÃOS | C64: M
A65: CÓDIGO | B65: ITEM | C65: UN | D65: QNT. | E65: MAT. + EQUIP. | F65: MÃO DE OBRA | G65: VALOR UNITÁRIO | H65: TOTAL MATERIAL | I65: TOTAL M.O. | J65: VALOR TOTAL
A66: 94964 | B66: CONCRETO FCK = 20MPA, TRAÇO 1:2,7:3 (EM MASSA SECA DE CIMENTO/ AREIA MÉDIA/ BRITA 1) - PREPARO MECÂNICO COM BETONEIRA 400 L. AF_05/2021 | C66: M3 | D66: =0.3*0.15*0.15 -> 0.00675 | E66: 421.48 | F66: 137.59 | G66: =E66+F66 -> 559.07 | H66: =E66*D66 -> 2.84499 | I66: =F66*D66 -> 0.9287325 | J66: =G66*D66 -> 3.7737225
A67: 94213 | B67: TELHAMENTO COM TELHA DE AÇO/ALUMÍNIO E = 0,5 MM, COM ATÉ 2 ÁGUAS, INCLUSO IÇAMENTO. AF_06/2026 | C67: M2 | D67: =1.8*1 -> 1.8 | E67: 65.55 | F67: 6.64 | G67: =E67+F67 -> 72.19 | H67: =E67*D67 -> 117.99 | I67: =F67*D67 -> 11.952 | J67: =G67*D67 -> 129.942
A68: 92580 | B68: TRAMA DE AÇO COMPOSTA POR TERÇAS PARA TELHADOS DE ATÉ 2 ÁGUAS PARA TELHA ONDULADA DE FIBROCIMENTO, METÁLICA, PLÁSTICA OU TERMOACÚSTICA, INCLUSO TRANSPORTE VERTICAL, EXCLUSIVE PINTURA. AF_10/2025_PS | C68: M2 | D68: 1.8 | E68: 38.6 | F68: 13.91 | G68: =E68+F68 -> 52.51 | H68: =E68*D68 -> 69.48 | I68: =F68*D68 -> 25.038 | J68: =G68*D68 -> 94.518
A69: 100723 | B69: PINTURA COM TINTA ALQUÍDICA DE FUNDO E ACABAMENTO (ESMALTE SINTÉTICO GRAFITE) PULVERIZADA SOBRE PERFIL METÁLICO EXECUTADO EM FÁBRICA (POR DEMÃO). AF_01/2020_PE | C69: M2 | D69: 2.32 | E69: 11.56 | F69: 2.64 | G69: =E69+F69 -> 14.2 | H69: =E69*D69 -> 26.8192 | I69: =F69*D69 -> 6.1248 | J69: =G69*D69 -> 32.944
A70: 02308/ORSE | B70: Tubo de aço galvanizado leve c/ costura c/ rosca BSP Ø = 48,3mm (1.1/2"), e = 2,65mm, l = 6000mm NBR 5580 | C70: M | D70: =2.65+0.3 -> 2.95 | E70: 51.28 | F70: 0 | G70: =E70+F70 -> 51.28 | H70: =E70*D70 -> 151.276 | I70: =F70*D70 -> 0 | J70: =G70*D70 -> 151.276
A71: 88315 | B71: SERRALHEIRO COM ENCARGOS COMPLEMENTARES | C71: H | D71: 0.2 | E71: 0 | F71: 39.91 | G71: =E71+F71 -> 39.91 | H71: =E71*D71 -> 0 | I71: =F71*D71 -> 7.982 | J71: =G71*D71 -> 7.982 | L71: https://buscadorsicro.com.br/pr/composicao/5914649
G72: Total | H72: =SUM(H66:H71) -> 368.41019 | I72: =SUM(I66:I71) -> 52.025532 | J72: =SUM(J66:J71) -> 420.43572
A74: COMP.06 | B74: ALAMBRADO EM PERFIS METÁLICOS RETANGULARES COM GRADIL METÁLICO (EXCLUSIVE MURETA EM CONCRETO). AF_12/2025 | C74: M | E74: COMPOSIÇÃO BASE: | F74: 98523
A75: CÓDIGO | B75: ITEM | C75: UN | D75: QNT. | E75: MAT. + EQUIP. | F75: MÃO DE OBRA | G75: VALOR UNITÁRIO | H75: TOTAL MATERIAL | I75: TOTAL M.O. | J75: VALOR TOTAL
A76: 94974 | B76: CONCRETO MAGRO PARA LASTRO, TRAÇO 1:4,5:4,5 (EM MASSA SECA DE CIMENTO/ AREIA MÉDIA/ BRITA 1) - PREPARO MANUAL. AF_05/2021 | C76: M3 | D76: 0.0119545 | E76: 347.33 | F76: 197.41 | G76: =SUM(E76:F76) -> 544.74 | H76: =E76*D76 -> 4.1521565 | I76: =F76*D76 -> 2.3599378 | J76: =G76*D76 -> 6.5120943
A77: 88316 | B77: SERVENTE COM ENCARGOS COMPLEMENTARES | C77: H | D77: 0.2863087 | E77: 0 | F77: 31.41 | G77: =SUM(E77:F77) -> 31.41 | H77: =E77*D77 -> 0 | I77: =F77*D77 -> 8.9929563 | J77: =G77*D77 -> 8.9929563
A78: 88315 | B78: SERRALHEIRO COM ENCARGOS COMPLEMENTARES | C78: H | D78: 0.5726174 | E78: 0 | F78: 39.91 | G78: =SUM(E78:F78) -> 39.91 | H78: =E78*D78 -> 0 | I78: =F78*D78 -> 22.85316 | J78: =G78*D78 -> 22.85316
A79: 12678 / ORSE | B79: FIXADOR POLIAMIDA 40 X 60 MM, PARA POSTE NYLOFOR, BELGO OU SIMILAR | C79: UN | D79: 2.34375 | E79: 7 | F79: 0 | G79: =SUM(E79:F79) -> 7 | H79: =E79*D79 -> 16.40625 | I79: =F79*D79 -> 0 | J79: =G79*D79 -> 16.40625
A80: 44229 | B80: PARAFUSO EM ACO INOX (TIPO ALLEN) M6 X 40 MM, COM CABECA BOLEADA / ABAULADA, SEXTAVADA INTERNA, COM ROSCA | C80: UN | D80: 4.6875 | E80: 0.74 | F80: 0 | G80: =SUM(E80:F80) -> 0.74 | H80: =E80*D80 -> 3.46875 | I80: =F80*D80 -> 0 | J80: =G80*D80 -> 3.46875
A81: 14618 / ORSE (ADAPTADO) | B81: (ADAPTADO PARA 60x40) TUBO RETANGULAR EM AÇO GALVANIZADO 70x30 e=1,25 MM (1,84 KG/M) | C81: M | D81: 1.2 | E81: 173.72 | F81: 0 | G81: =SUM(E81:F81) -> 173.72 | H81: =E81*D81 -> 208.464 | I81: =F81*D81 -> 0 | J81: =G81*D81 -> 208.464
A82: 12469 / ORSE (ADAPTADO) | B82: (ADAPTADO PARA DIM 1,0 X 1,2 M) PAINEL GRADIL BELGO SERRALHEIRO - DIM 2,0 X 2,0 - MALHA 5 X 10 CM | C82: M2 | D82: 1.2 | E82: 173.19 | F82: 0 | G82: =SUM(E82:F82) -> 173.19 | H82: =E82*D82 -> 207.828 | I82: =F82*D82 -> 0 | J82: =G82*D82 -> 207.828
G83: Total | H83: =SUM(H76:H82) -> 440.31916 | I83: =SUM(I76:I82) -> 34.206055 | J83: =SUM(J76:J82) -> 474.52521
A85: COMP.07 | B85: DRENO PROFUNDO (SEÇÃO 1,50 X 1,00 M), COM TUBO DE PEAD CORRUGADO PERFURADO, DN 200 MM, ENCHIMENTO COM BRITA Nº 3, ENVOLVIDO COM MANTA GEOTÊXTIL. AF_07/2021 | C85: M | E85: COMPOSIÇÃO BASE: | F85: 102684
A86: CÓDIGO | B86: ITEM | C86: UN | D86: QNT. | E86: MAT. + EQUIP. | F86: MÃO DE OBRA | G86: VALOR UNITÁRIO | H86: TOTAL MATERIAL | I86: TOTAL M.O. | J86: VALOR TOTAL
A87: 90106 | B87: ESCAVAÇÃO MECANIZADA DE VALA COM PROFUNDIDADE ATÉ 1,5 M (MÉDIA MONTANTE E JUSANTE/UMA COMPOSIÇÃO POR TRECHO), RETROESCAV. (0,26 M3), LARGURA DE 0,8 M A 1,5 M, EM SOLO DE 1A CATEGORIA, LOCAIS COM BAIXO NÍVEL DE INTERFERÊNCIA. AF_09/2024 | C87: M3 | D87: 1.5 | E87: 4.6 | F87: 4.75 | G87: =SUM(E87:F87) -> 9.35 | H87: =E87*D87 -> 6.9 | I87: =F87*D87 -> 7.125 | J87: =G87*D87 -> 14.025
A88: 88316 | B88: SERVENTE COM ENCARGOS COMPLEMENTARES | C88: H | D88: 0.3 | E88: 0 | F88: 31.41 | G88: =SUM(E88:F88) -> 31.41 | H88: =E88*D88 -> 0 | I88: =F88*D88 -> 9.423 | J88: =G88*D88 -> 9.423
A89: 88309 | B89: PEDREIRO COM ENCARGOS COMPLEMENTARES | C89: H | D89: 0.1 | E89: 0 | F89: 40.19 | G89: =SUM(E89:F89) -> 40.19 | H89: =E89*D89 -> 0 | I89: =F89*D89 -> 4.019 | J89: =G89*D89 -> 4.019
A90: 38054 - I | B90: TUBO DRENO, CORRUGADO, ESPIRALADO, FLEXIVEL, PERFURADO, EM POLIETILENO DE ALTA DENSIDADE (PEAD), DN *200* MM, (8") PARA DRENAGEM - EM BARRA (NORMA DNIT 093/2006 - EM) | C90: M | D90: 3.003 | E90: 37.99 | F90: 0 | G90: =SUM(E90:F90) -> 37.99 | H90: =E90*D90 -> 114.08397 | I90: =F90*D90 -> 0 | J90: =G90*D90 -> 114.08397
A91: 5679 | B91: RETROESCAVADEIRA SOBRE RODAS COM CARREGADEIRA, TRAÇÃO 4X4, POTÊNCIA LÍQ. 88 HP, CAÇAMBA CARREG. CAP. MÍN. 1 M3, CAÇAMBA RETRO CAP. 0,26 M3, PESO OPERACIONAL MÍN. 6.674 KG, PROFUNDIDADE ESCAVAÇÃO MÁX. 4,37 M - CHI DIURNO. AF_06/2014 | C91: CHI | D91: 0.0968 | E91: 31.19 | F91: 41.5 | G91: =SUM(E91:F91) -> 72.69 | H91: =E91*D91 -> 3.019192 | I91: =F91*D91 -> 4.0172 | J91: =G91*D91 -> 7.036392
A92: 5678 | B92: RETROESCAVADEIRA SOBRE RODAS COM CARREGADEIRA, TRAÇÃO 4X4, POTÊNCIA LÍQ. 88 HP, CAÇAMBA CARREG. CAP. MÍN. 1 M3, CAÇAMBA RETRO CAP. 0,26 M3, PESO OPERACIONAL MÍN. 6.674 KG, PROFUNDIDADE ESCAVAÇÃO MÁX. 4,37 M - CHP DIURNO. AF_06/2014 | C92: CHP | D92: 0.0325 | E92: 114.82 | F92: 41.5 | G92: =SUM(E92:F92) -> 156.32 | H92: =E92*D92 -> 3.73165 | I92: =F92*D92 -> 1.34875 | J92: =G92*D92 -> 5.0804
A93: 4722 - I | B93: PEDRA BRITADA N. 3 (38 A 50 MM) POSTO PEDREIRA/FORNECEDOR, SEM FRETE | C93: M3 | D93: 1.2 | E93: 71.96 | F93: 0 | G93: =SUM(E93:F93) -> 71.96 | H93: =E93*D93 -> 86.352 | I93: =F93*D93 -> 0 | J93: =G93*D93 -> 86.352
A94: 4021 - I | B94: GEOTEXTIL NAO TECIDO AGULHADO DE FILAMENTOS CONTINUOS 100% POLIESTER, RESITENCIA A TRACAO = 14 KN/M | C94: M2 | D94: 4.6 | E94: 10.88 | F94: 0 | G94: =SUM(E94:F94) -> 10.88 | H94: =E94*D94 -> 50.048 | I94: =F94*D94 -> 0 | J94: =G94*D94 -> 50.048
G95: Total | H95: =SUM(H87:H94) -> 264.13481 | I95: =SUM(I87:I94) -> 25.93295 | J95: =SUM(J87:J94) -> 290.06776
A97: COMP.08 | B97: REFLETOR LED DE 350 W, INVOLUCRO EM ALUMINIO OU ACO INOX - FORNECIMENTO E INSTALAÇÃO | C97: UN | E97: INSUMO BASE: | F97: 42249
A98: CÓDIGO | B98: ITEM | C98: UN | D98: QNT. | E98: MAT. + EQUIP. | F98: MÃO DE OBRA | G98: VALOR UNITÁRIO | H98: TOTAL MATERIAL | I98: TOTAL M.O. | J98: VALOR TOTAL
A99: 42249 | B99: LUMINARIA DE LED PARA ILUMINACAO PUBLICA, DE 240 W ATE 350 W, INVOLUCRO EM ALUMINIO OU ACO INOX | C99: UN | D99: 1 | E99: 891.04 | F99: 0 | G99: =SUM(E99:F99) -> 891.04 | H99: =E99*D99 -> 891.04 | I99: =F99*D99 -> 0 | J99: =G99*D99 -> 891.04
A100: 88264 | B100: ELETRICISTA COM ENCARGOS COMPLEMENTARES | C100: H | D100: 0.5 | E100: 0 | F100: 40.67 | G100: =SUM(E100:F100) -> 40.67 | H100: =E100*D100 -> 0 | I100: =F100*D100 -> 20.335 | J100: =G100*D100 -> 20.335
A101: 88247 | B101: AUXILIAR DE ELETRICISTA COM ENCARGOS COMPLEMENTARES | C101: H | D101: 0.5 | E101: 0 | F101: 33.62 | G101: =SUM(E101:F101) -> 33.62 | H101: =E101*D101 -> 0 | I101: =F101*D101 -> 16.81 | J101: =G101*D101 -> 16.81
G102: Total | H102: =SUM(H99:H101) -> 891.04 | I102: =SUM(I99:I101) -> 37.145 | J102: =SUM(J99:J101) -> 928.185
A104: COMP.09 | B104: RETIRADA DE PORTÃO EXISTENTE, INCLUSIVE MANUTENÇÃO PARA ARMAZENAMENTO | C104: UN
A105: CÓDIGO | B105: ITEM | C105: UN | D105: QNT. | E105: MAT. + EQUIP. | F105: MÃO DE OBRA | G105: VALOR UNITÁRIO | H105: TOTAL MATERIAL | I105: TOTAL M.O. | J105: VALOR TOTAL
A106: 88309 | B106: PEDREIRO COM ENCARGOS COMPLEMENTARES | C106: H | D106: 1 | E106: 0 | F106: 40.19 | G106: =SUM(E106:F106) -> 40.19 | H106: =E106*D106 -> 0 | I106: =F106*D106 -> 40.19 | J106: =G106*D106 -> 40.19
A107: 88315 | B107: SERRALHEIRO COM ENCARGOS COMPLEMENTARES | C107: H | D107: 2 | E107: 0 | F107: 39.91 | G107: =E107+F107 -> 39.91 | H107: =E107*D107 -> 0 | I107: =F107*D107 -> 79.82 | J107: =G107*D107 -> 79.82
G108: Total | H108: =SUM(H106:H107) -> 0 | I108: =SUM(I106:I107) -> 120.01 | J108: =SUM(J106:J107) -> 120.01

Sheet BDI
E3: UNIVERSIDADE ESTADUAL DO NORTE DO PARANÁ
E4: CNPJ: 08.885.100/0001-54
E5: OBRA : ADEQUAÇÕES NO CAMPUS DE CORNÉLIO PROCÓPIO
E6: Local: Campus Cornélio Procópio - CCP
F7: Data do orçamento: SETEMBRO/2026
F8: SINAPI_Referências_PR_202606_SEM_DESONERAÇÃO
E9: RESP. TÉCNICO: HENRIQUE FRANCIZ XIMENES DE ANDRADE BILBAO ENGENHEIRO CIVIL - CREA-PR 160.587/D
A11: COMPOSIÇÃO DO BDI
A12: CUSTO TOTAL DO SERVIÇO (R$)
A13: ITEM | B13: DISCRIMINAÇÃO | E13: VALOR | F13: TAXA (%) | G13: OBSERVAÇÃO | H13: SITUAÇÃO DO INTERVALO ADMISSÍVEL | I13: PARCELAS DO BDI (%)
I14: 1 QUARTIL | J14: MÉDIO | K14: 3 QUARTIL
A15: 1 | B15: AC – ADMINISTRAÇÃO CENTRAL | F15: 0.03 | H15: OK | I15: 0.03 | J15: 0.04 | K15: 0.055
A16: 2 | B16: SG – SEGUROS + GARANTIA | F16: 0.008 | H16: OK | I16: 0.008 | J16: 0.008 | K16: 0.01
A17: 3 | B17: R – RISCOS | F17: 0.0097 | H17: OK | I17: 0.0097 | J17: 0.0127 | K17: 0.0127
A18: 4 | B18: DF – DESPESAS FINANCEIRAS | F18: 0.0059 | H18: OK | I18: 0.0059 | J18: 0.0123 | K18: 0.0139
A19: 5 | B19: L – LUCRO BRUTO | F19: 0.06245 | H19: OK | I19: 0.0616 | J19: 0.074 | K19: 0.0896
A20: 6 | B20: I – IMPOSTOS | F20: =SUM(F21:F24) -> 0.0665 | G20: FÓRMULA DO BDI DE ACORDO COM ACÓRDÃO 2.369/2011-TCU- PLENÁRIO
A21: 43836 | B21: PIS | F21: 0.0065
A22: 43867 | B22: COFINS | F22: 0.03
A23: 43896 | B23: ISS (CONFORME LEGISLAÇÃO MUNICIPAL) | F23: 0.03
A24: 43927 | B24: CONTRIB. PREVIDÊNCIA SOBRE RECEITA BRUTA – CPRB | F24: 0
A26: TOTAL DO BDI (R$)
A27: PREÇO DE VENDA (R$) | G27: ONDE:
A28: BDI (%) | F28: =(((1+(F15+F16+F17))*(1+F18)*(1+F19))/(1-F20))-1 -> 0.19946044 | G28: AC : TAXA DE ADMINISTRAÇÃO CENTRAL
G29: S: TAXA DE SEGURO
G30: G: TAXA DE GARANTIAS
G31: R: TAXA DE RISCOS
G32: DF: TAXA DE DESPESAS
G33: L: TAXA DE LUCRO
G34: I: TAXA DE INCIDÊNCIA DE IMPOSTOS (PIS, COFINS, ISS, CPRB)
A37: COMPOSIÇÃO DO BDI REDUZIDO
A38: CUSTO TOTAL DO SERVIÇO (R$)
A39: ITEM | B39: DISCRIMINAÇÃO | E39: VALOR | F39: TAXA (%) | G39: OBSERVAÇÃO | H39: SITUAÇÃO DO INTERVALO ADMISSÍVEL | I39: PARCELAS DO BDI (%)
I40: 1 QUARTIL | J40: MÉDIO | K40: 3 QUARTIL
A41: 1 | B41: AC – ADMINISTRAÇÃO CENTRAL | F41: 0.015 | H41: =IF(AND(F41>=I41,F41<=K41),"OK","DIFERE") -> OK | I41: 0.015 | J41: 0.0345 | K41: 0.0449
A42: 2 | B42: SG – SEGUROS + GARANTIA | F42: 0.003 | H42: =IF(AND(F42>=I42,F42<=K42),"OK","DIFERE") -> OK | I42: 0.003 | J42: 0.0048 | K42: 0.0082
A43: 3 | B43: R – RISCOS | F43: 0.0056 | H43: =IF(AND(F43>=I43,F43<=K43),"OK","DIFERE") -> OK | I43: 0.0056 | J43: 0.0085 | K43: 0.0089
A44: 4 | B44: DF – DESPESAS FINANCEIRAS | F44: 0.0085 | H44: =IF(AND(F44>=I44,F44<=K44),"OK","DIFERE") -> OK | I44: 0.0085 | J44: 0.0085 | K44: 0.0111
A45: 5 | B45: L – LUCRO BRUTO | F45: 0.0352 | H45: =IF(AND(F45>=I45,F45<=K45),"OK","DIFERE") -> OK | I45: 0.035 | J45: 0.0511 | K45: 0.0622
A46: 6 | B46: I – IMPOSTOS | F46: =SUM(F47:F50) -> 0.0365 | G46: FÓRMULA DO BDI DE ACORDO COM ACÓRDÃO 2.369/2011-TCU- PLENÁRIO
A47: 43836 | B47: PIS | F47: 0.0065
A48: 43867 | B48: COFINS | F48: 0.03
A49: 43896 | B49: ISS (CONFORME LEGISLAÇÃO MUNICIPAL) | F49: 0
A50: 43927 | B50: CONTRIB. PREVIDÊNCIA SOBRE RECEITA BRUTA – CPRB | F50: 0
A52: TOTAL DO BDI (R$)
A53: PREÇO DE VENDA (R$) | G53: ONDE:
A54: BDI (%) | F54: =(((1+(F41+F42+F43))*(1+F44)*(1+F45))/(1-F46))-1 -> 0.10912048 | G54: AC : TAXA DE ADMINISTRAÇÃO CENTRAL
G55: S: TAXA DE SEGURO
A56: Parâmetros do Acórdão 2.622/2013 - Plenário | G56: G: TAXA DE GARANTIAS
A57: Sem CPRB | B57: 0.111 | C57: 0.1402 | D57: 0.168 | G57: R: TAXA DE RISCOS
A58: Com CPRB | B58: 0.1634 | C58: 0.1939 | D58: 0.223 | G58: DF: TAXA DE DESPESAS
G59: L: TAXA DE LUCRO
G60: I: TAXA DE INCIDÊNCIA DE IMPOSTOS (PIS, COFINS, ISS, CPRB)
A61: OBS: Para o BDI reduzido, considerou-se nulo o ISS e uma parcela reduzida para administração central e lucro para remunerar os custos inerentes às aquisições e armazenamento por parte da empresa contratada, por isso o valor da taxa de BDI é menor do que a que foi adotada para o restante do orçamento da obra.

Sheet VALORES SINAPI (REF)
A1: Código da Composição | B1: Descrição | C1: Unidade | D1: M.O. | E1: MAT+EQ | F1: VALOR
A2: 104658 | B2: PISO PODOTÁTIL DE ALERTA OU DIRECIONAL, DE CONCRETO, ASSENTADO SOBRE ARGAMASSA. AF_03/2024 | C2: M2 | D2: 0.2722 | E2: =1-D2 -> 0.7278 | F2: 140.01
A3: 105002 | B3: RAMPA DE ACESSIBILIDADE EM CONCRETO MOLDADO IN LOCO, EM CALÇADA NOVA COM LARGURA MAIOR OU IGUAL À 3,00 M, FCK 25MPA, COM PISO PODOTÁTIL. AF_03/2024 | C3: UN | D3: 0.3838 | E3: =1-D3 -> 0.6162 | F3: 734.11
A4: 105004 | B4: RAMPA DE ACESSIBILIDADE EM CONCRETO MOLDADO IN LOCO, EM CALÇADA NOVA COM LARGURA MENOR À 3,00 M, FCK 25MPA, COM PISO PODOTÁTIL. AF_03/2024 | C4: M2 | D4: 0.3872 | E4: =1-D4 -> 0.6128 | F4: 125.9
A5: 105003 | B5: RAMPA DE ACESSIBILIDADE EM CONCRETO MOLDADO IN LOCO, EM CALÇADA PRÉ EXISTENTE COM LARGURA MAIOR OU IGUAL À 3,00 M, FCK 25MPA, COM PISO PODOTÁTIL. AF_03/2024 | C5: UN | D5: 0.4478 | E5: =1-D5 -> 0.5522 | F5: 1234.77
A6: 105005 | B6: RAMPA DE ACESSIBILIDADE EM CONCRETO MOLDADO IN LOCO, EM CALÇADA PRÉ EXISTENTE COM LARGURA MENOR À 3,00 M, FCK 25MPA, COM PISO PODOTÁTIL. AF_03/2024 | C6: M2 | D6: 0.4527 | E6: =1-D6 -> 0.5473 | F6: 218.59
A7: 105000 | B7: RAMPA DE ACESSIBILIDADE PARA ACESSO A EDIFICAÇÕES COM INCLINAÇÃO DE 8,33% EM CONCRETO MOLDADO IN LOCO, COM LARGURA DE 1,20M, FCK 25MPA, NÃO ARMADA, COM JUNTA A CADA 2M COM CORTE À SECO. AF_03/2024 | C7: M | D7: 0.3269 | E7: =1-D7 -> 0.6731 | F7: 1447.92
A8: 105001 | B8: RAMPA DE ACESSIBILIDADE PARA ACESSO A EDIFICAÇÕES COM INCLINAÇÃO DE 8,33% EM CONCRETO MOLDADO IN LOCO, COM LARGURA DE 1,50M, FCK 25MPA, NÃO ARMADA, COM JUNTA A CADA 2M COM CORTE À SECO. AF_03/2024 | C8: M | D8: 0.3238 | E8: =1-D8 -> 0.6762 | F8: 1476.38
A9: 89306 | B9: ALVENARIA ESTRUTURAL DE BLOCOS CERÂMICOS 14X19X29, (ESPESSURA DE 14 CM), UTILIZANDO COLHER DE PEDREIRO E ARGAMASSA DE ASSENTAMENTO COM PREPARO EM BETONEIRA. AF_03/2023 | C9: M2 | D9: 0.4101 | E9: =1-D9 -> 0.5899 | F9: 103.22
A10: 89307 | B10: ALVENARIA ESTRUTURAL DE BLOCOS CERÂMICOS 14X19X29, (ESPESSURA DE 14 CM), UTILIZANDO COLHER DE PEDREIRO E ARGAMASSA DE ASSENTAMENTO COM PREPARO MANUAL. AF_03/2023 | C10: M2 | D10: 0.4146 | E10: =1-D10 -> 0.5854 | F10: 105.83
A11: 89290 | B11: ALVENARIA ESTRUTURAL DE BLOCOS CERÂMICOS 14X19X29, (ESPESSURA DE 14 CM), UTILIZANDO PALHETA E ARGAMASSA DE ASSENTAMENTO COM PREPARO EM BETONEIRA. AF_03/2023 | C11: M2 | D11: 0.3605 | E11: =1-D11 -> 0.6395 | F11: 84.29
A12: 89291 | B12: ALVENARIA ESTRUTURAL DE BLOCOS CERÂMICOS 14X19X29, (ESPESSURA DE 14 CM), UTILIZANDO PALHETA E ARGAMASSA DE ASSENTAMENTO COM PREPARO MANUAL. AF_03/2023 | C12: M2 | D12: 0.3659 | E12: =1-D12 -> 0.6341 | F12: 86.23
A13: 89298 | B13: ALVENARIA ESTRUTURAL DE BLOCOS CERÂMICOS 14X19X39, (ESPESSURA DE 14 CM), UTILIZANDO COLHER DE PEDREIRO E ARGAMASSA DE ASSENTAMENTO COM PREPARO EM BETONEIRA. AF_03/2023 | C13: M2 | D13: 0.3575 | E13: =1-D13 -> 0.6425 | F13: 87.82
... A2996: 104314 | B2996: TRAMA DE AÇO COMPOSTA POR TERÇAS PARA TELHADOS DE ATÉ 2 ÁGUAS PARA TELHA ONDULADA DE FIBROCIMENTO, METÁLICA, PLÁSTICA OU TERMOACÚSTICA, INCLUSO TRANSPORTE VERTICAL (EM KG). AF_07/2019 | C2996: KG | D2996: 0.14 | E2996: =1-D2996 -> 0.86 | F2996: 11.14
A2997: 92580 | B2997: TRAMA DE AÇO COMPOSTA POR TERÇAS PARA TELHADOS DE ATÉ 2 ÁGUAS PARA TELHA ONDULADA DE FIBROCIMENTO, METÁLICA, PLÁSTICA OU TERMOACÚSTICA, INCLUSO TRANSPORTE VERTICAL. AF_07/2019 | C2997: M2 | D2997: 0.1409 | E2997: =1-D2997 -> 0.8591 | F2997: 48.32 | G2997: =F2997*D2997 -> 6.808288 | H2997: =F2997*E2997 -> 41.511712
A2998: 92541 | B2998: TRAMA DE MADEIRA COMPOSTA POR RIPAS, CAIBROS E TERÇAS PARA TELHADOS DE ATÉ 2 ÁGUAS PARA TELHA CERÂMICA CAPA-CANAL, INCLUSO TRANSPORTE VERTICAL. AF_07/2019 | C2998: M2 | D2998: 0.1958 | E2998: =1-D2998 -> 0.8042 | F2998: 100.28
A2999: 92539 | B2999: TRAMA DE MADEIRA COMPOSTA POR RIPAS, CAIBROS E TERÇAS PARA TELHADOS DE ATÉ 2 ÁGUAS PARA TELHA DE ENCAIXE DE CERÂMICA OU DE CONCRETO, INCLUSO TRANSPORTE VERTICAL. AF_07/2019 | C2999: M2 | D2999: 0.2049 | E2999: =1-D2999 -> 0.7951 | F2999: 92.94
A3000: 92542 | B3000: TRAMA DE MADEIRA COMPOSTA POR RIPAS, CAIBROS E TERÇAS PARA TELHADOS DE MAIS QUE 2 ÁGUAS PARA TELHA CERÂMICA CAPA-CANAL, INCLUSO TRANSPORTE VERTICAL. AF_07/2019 | C3000: M2 | D3000: 0.2311 | E3000: =1-D3000 -> 0.7689 | F3000: 122.26
A3001: 92540 | B3001: TRAMA DE MADEIRA COMPOSTA POR RIPAS, CAIBROS E TERÇAS PARA TELHADOS DE MAIS QUE 2 ÁGUAS PARA TELHA DE ENCAIXE DE CERÂMICA OU DE CONCRETO, INCLUSO TRANSPORTE VERTICAL. AF_07/2019 | C3001: M2 | D3001: 0.2593 | E3001: =1-D3001 -> 0.7407 | F3001: 104.86
A3002: 92544 | B3002: TRAMA DE MADEIRA COMPOSTA POR TERÇAS PARA TELHADOS DE ATÉ 2 ÁGUAS PARA TELHA ESTRUTURAL DE FIBROCIMENTO, INCLUSO TRANSPORTE VERTICAL. AF_07/2019 | C3002: M2 | D3002: 0.1558 | E3002: =1-D3002 -> 0.8442 | F3002: 22.33
A3003: 92543 | B3003: TRAMA DE MADEIRA COMPOSTA POR TERÇAS PARA TELHADOS DE ATÉ 2 ÁGUAS PARA TELHA ONDULADA DE FIBROCIMENTO, METÁLICA, PLÁSTICA OU TERMOACÚSTICA, INCLUSO TRANSPORTE VERTICAL. AF_07/2019 | C3003: M2 | D3003: 0.1552 | E3003: =1-D3003 -> 0.8448 | F3003: 28.03
A3004: 97740 | B3004: PEÇA CIRCULAR PRÉ-MOLDADA, VOLUME DE CONCRETO ACIMA DE 100 LITROS, TAXA DE AÇO APROXIMADA DE 30KG/M³. AF_03/2024 | C3004: M3 | D3004: 0.3064 | E3004: =1-D3004 -> 0.6936 | F3004: 2097.75
A3005: 97738 | B3005: PEÇA CIRCULAR PRÉ-MOLDADA, VOLUME DE CONCRETO DE 10 A 30 LITROS, TAXA DE FIBRA DE POLIPROPILENO APROXIMADA DE 6 KG/M³. AF_03/2024_PS | C3005: M3 | D3005: 0.4968 | E3005: =1-D3005 -> 0.5032 | F3005: 4219.6
A3006: 97739 | B3006: PEÇA CIRCULAR PRÉ-MOLDADA, VOLUME DE CONCRETO DE 30 A 100 LITROS, TAXA DE AÇO APROXIMADA DE 30KG/M³. AF_03/2024 | C3006: M3 | D3006: 0.4465 | E3006: =1-D3006 -> 0.5535 | F3006: 3069.26
A3007: 97736 | B3007: PEÇA RETANGULAR PRÉ-MOLDADA, VOLUME DE CONCRETO ACIMA DE 100 LITROS, TAXA DE AÇO APROXIMADA DE 30KG/M³. AF_03/2024 | C3007: M3 | D3007: 0.3103 | E3007: =1-D3007 -> 0.6897 | F3007: 1570.62
A3008: 97734 | B3008: PEÇA RETANGULAR PRÉ-MOLDADA, VOLUME DE CONCRETO DE 10 A 30 LITROS, TAXA DE AÇO APROXIMADA DE 30KG/M³. AF_03/2024 | C3008: M3 | D3008: 0.52 | E3008: =1-D3008 -> 0.48 | F3008: 3342.42
A3009: 97735 | B3009: PEÇA RETANGULAR PRÉ-MOLDADA, VOLUME DE CONCRETO DE 30 A 100 LITROS, TAXA DE AÇO APROXIMADA DE 30KG/M³. AF_03/2024 | C3009: M3 | D3009: 0.4797 | E3009: =1-D3009 -> 0.5203 | F3009: 2704.8
... A5860: 100307 | B5860: MONTADOR DE ELETROELETRÔNICOS COM ENCARGOS COMPLEMENTARES | C5860: H | D5860: 0.694 | E5860: =1-D5860 -> 0.306 | F5860: 30.42
A5861: 88278 | B5861: MONTADOR DE ESTRUTURA METÁLICA COM ENCARGOS COMPLEMENTARES | C5861: H | D5861: 0.7272 | E5861: =1-D5861 -> 0.2728 | F5861: 29.66 | G5861: =F5861*D5861 -> 21.568752 | H5861: =F5861*E5861 -> 8.091248
A5862: 101418 | B5862: MONTADOR DE ESTRUTURAS METÁLICAS COM ENCARGOS COMPLEMENTARES | C5862: MES | D5862: 0.7124 | E5862: =1-D5862 -> 0.2876 | F5862: 5302.91
A5863: 101419 | B5863: MONTADOR DE MÁQUINAS COM ENCARGOS COMPLEMENTARES | C5863: MES | D5863: 0.7214 | E5863: =1-D5863 -> 0.2786 | F5863: 6306.44
A5864: 88279 | B5864: MONTADOR ELETROMECÃNICO COM ENCARGOS COMPLEMENTARES | C5864: H | D5864: 0.7404 | E5864: =1-D5864 -> 0.2596 | F5864: 35.86
A5865: 88281 | B5865: MOTORISTA DE BASCULANTE COM ENCARGOS COMPLEMENTARES | C5865: H | D5865: 0.7625 | E5865: =1-D5865 -> 0.2375 | F5865: 34.06
A5866: 93558 | B5866: MOTORISTA DE CAMINHAO COM ENCARGOS COMPLEMENTARES | C5866: MES | D5866: 0.7417 | E5866: =1-D5866 -> 0.2583 | F5866: 5904.58
A5867: 101420 | B5867: MOTORISTA DE CAMINHÃO BASCULANTE COM ENCARGOS COMPLEMENTARES | C5867: MES | D5867: 0.749 | E5867: =1-D5867 -> 0.251 | F5867: 6076.26
A5868: 101421 | B5868: MOTORISTA DE CAMINHÃO CARRETA COM ENCARGOS COMPLEMENTARES | C5868: MES | D5868: 0.7812 | E5868: =1-D5868 -> 0.2188 | F5868: 6972.36
A5869: 88282 | B5869: MOTORISTA DE CAMINHÃO COM ENCARGOS COMPLEMENTARES | C5869: H | D5869: 0.7554 | E5869: =1-D5869 -> 0.2446 | F5869: 33.08
A5870: 88283 | B5870: MOTORISTA DE CAMINHÃO E CARRETA COM ENCARGOS COMPLEMENTARES | C5870: H | D5870: 0.7935 | E5870: =1-D5870 -> 0.2065 | F5870: 39.17
A5871: 101422 | B5871: MOTORISTA DE CARRO DE PASSEIO COM ENCARGOS COMPLEMENTARES | C5871: MES | D5871: 0.7183 | E5871: =1-D5871 -> 0.2817 | F5871: 5414.96
A5872: 88284 | B5872: MOTORISTA DE VEÍCULO LEVE COM ENCARGOS COMPLEMENTARES | C5872: H | D5872: 0.7329 | E5872: =1-D5872 -> 0.2671 | F5872: 30.29
A5873: 101424 | B5873: MOTORISTA OPERADOR DE CAMINHÃO COM MUNCK COM ENCARGOS COMPLEMENTARES | C5873: MES | D5873: 0.7645 | E5873: =1-D5873 -> 0.2355 | F5873: 6477.7
... A5929: 88318 | B5929: SOLDADOR A (PARA SOLDA A SER TESTADA COM RAIOS "X") COM ENCARGOS COMPLEMENTARES | C5929: H | D5929: 0.6627 | E5929: =1-D5929 -> 0.3373 | F5929: 30.3
A5930: 88317 | B5930: SOLDADOR COM ENCARGOS COMPLEMENTARES | C5930: H | D5930: 0.7083 | E5930: =1-D5930 -> 0.2917 | F5930: 35.04 | G5930: =F5930*D5930 -> 24.818832 | H5930: =F5930*E5930 -> 10.221168
A5931: 101453 | B5931: SOLDADOR COM ENCARGOS COMPLEMENTARES | C5931: MES | D5931: 0.6924 | E5931: =1-D5931 -> 0.3076 | F5931: 6271.41
A5932: 101454 | B5932: SOLDADOR ELÉTRICO COM ENCARGOS COMPLEMENTARES | C5932: MES | D5932: 0.6457 | E5932: =1-D5932 -> 0.3543 | F5932: 5444.2
A5933: 100533 | B5933: TECNICO DE EDIFICACOES COM ENCARGOS COMPLEMENTARES | C5933: H | D5933: 0.8943 | E5933: =1-D5933 -> 0.1057 | F5933: 21.75
A5934: 100534 | B5934: TECNICO DE EDIFICACOES COM ENCARGOS COMPLEMENTARES | C5934: MES | D5934: 0.8829 | E5934: =1-D5934 -> 0.1171 | F5934: 3849.25
A5935: 88323 | B5935: TELHADISTA COM ENCARGOS COMPLEMENTARES | C5935: H | D5935: 0.7274 | E5935: =1-D5935 -> 0.2726 | F5935: 33.24
A5936: 101458 | B5936: TELHADOR COM ENCARGOS COMPLEMENTARES | C5936: MES | D5936: 0.7121 | E5936: =1-D5936 -> 0.2879 | F5936: 5939.99
A5937: 90781 | B5937: TOPOGRAFO COM ENCARGOS COMPLEMENTARES | C5937: H | D5937: 0.9139 | E5937: =1-D5937 -> 0.0861 | F5937: 26.7
A5938: 94296 | B5938: TOPOGRAFO COM ENCARGOS COMPLEMENTARES | C5938: MES | D5938: 0.9076 | E5938: =1-D5938 -> 0.0924 | F5938: 4705.29
A5939: 88324 | B5939: TRATORISTA COM ENCARGOS COMPLEMENTARES | C5939: H | D5939: 0.7484 | E5939: =1-D5939 -> 0.2516 | F5939: 32.15
A5940: 88321 | B5940: TÉCNICO DE LABORATÓRIO COM ENCARGOS COMPLEMENTARES | C5940: H | D5940: 0.9375 | E5940: =1-D5940 -> 0.0625 | F5940: 38.07
A5941: 101456 | B5941: TÉCNICO DE LABORATÓRIO E CAMPO DE CONSTRUÇÃO COM ENCARGOS COMPLEMENTARES | C5941: MES | D5941: 0.9327 | E5941: =1-D5941 -> 0.0673 | F5941: 6698.09
A5942: 88322 | B5942: TÉCNICO DE SONDAGEM COM ENCARGOS COMPLEMENTARES | C5942: H | D5942: 0.9107 | E5942: =1-D5942 -> 0.0893 | F5942: 27
... A6506: 100718 | B6506: COLOCAÇÃO DE FITA PROTETORA PARA PINTURA. AF_01/2020 | C6506: M | D6506: 0.5976 | E6506: =1-D6506 -> 0.4024 | F6506: 1.69
A6507: 100716 | B6507: JATEAMENTO ABRASIVO COM GRANALHA DE AÇO EM PERFIL METÁLICO EM FÁBRICA. AF_01/2020 | C6507: M2 | D6507: 0.1301 | E6507: =1-D6507 -> 0.8699 | F6507: 25.14 | G6507: =F6507*D6507 -> 3.270714 | H6507: =F6507*E6507 -> 21.869286
A6508: 100717 | B6508: LIXAMENTO MANUAL EM SUPERFÍCIES METÁLICAS EM OBRA. AF_01/2020 | C6508: M2 | D6508: 0.6093 | E6508: =1-D6508 -> 0.3907 | F6508: 12.03
A6509: 100754 | B6509: PINTURA COM TINTA ACRÍLICA DE ACABAMENTO APLICADA A ROLO OU PINCEL SOBRE SUPERFÍCIES METÁLICAS (EXCETO PERFIL) EXECUTADO EM OBRA (02 DEMÃOS). AF_01/2020 | C6509: M2 | D6509: 0.6227 | E6509: =1-D6509 -> 0.3773 | F6509: 35.86
A6510: 100736 | B6510: PINTURA COM TINTA ACRÍLICA DE ACABAMENTO APLICADA A ROLO OU PINCEL SOBRE SUPERFÍCIES METÁLICAS (EXCETO PERFIL) EXECUTADO EM OBRA (POR DEMÃO). AF_01/2020 | C6510: M2 | D6510: 0.6228 | E6510: =1-D6510 -> 0.3772 | F6510: 17.92
A6511: 100753 | B6511: PINTURA COM TINTA ACRÍLICA DE ACABAMENTO PULVERIZADA SOBRE SUPERFÍCIES METÁLICAS (EXCETO PERFIL) EXECUTADO EM OBRA (02 DEMÃOS). AF_01/2020_PE | C6511: M2 | D6511: 0.5594 | E6511: =1-D6511 -> 0.4406 | F6511: 26.62
A6512: 100735 | B6512: PINTURA COM TINTA ACRÍLICA DE ACABAMENTO PULVERIZADA SOBRE SUPERFÍCIES METÁLICAS (EXCETO PERFIL) EXECUTADO EM OBRA (POR DEMÃO). AF_01/2020_PE | C6512: M2 | D6512: 0.559 | E6512: =1-D6512 -> 0.441 | F6512: 13.31
A6513: 100734 | B6513: PINTURA COM TINTA ACRÍLICA DE FUNDO APLICADA A ROLO OU PINCEL SOBRE SUPERFÍCIES METÁLICAS (EXCETO PERFIL) EXECUTADO EM OBRA (POR DEMÃO). AF_01/2020 | C6513: M2 | D6513: 0.5981 | E6513: =1-D6513 -> 0.4019 | F6513: 18.66
A6514: 100733 | B6514: PINTURA COM TINTA ACRÍLICA DE FUNDO PULVERIZADA SOBRE SUPERFÍCIES METÁLICAS (EXCETO PERFIL) EXECUTADO EM OBRA (POR DEMÃO). AF_01/2020_PE | C6514: M2 | D6514: 0.5277 | E6514: =1-D6514 -> 0.4723 | F6514: 14.1
A6515: 100740 | B6515: PINTURA COM TINTA ALQUÍDICA DE ACABAMENTO (ESMALTE SINTÉTICO ACETINADO) APLICADA A ROLO OU PINCEL SOBRE PERFIL METÁLICO EXECUTADO EM FÁBRICA (POR DEMÃO). AF_01/2020 | C6515: M2 | D6515: 0.4017 | E6515: =1-D6515 -> 0.5983 | F6515: 13.12
A6516: 100758 | B6516: PINTURA COM TINTA ALQUÍDICA DE ACABAMENTO (ESMALTE SINTÉTICO ACETINADO) APLICADA A ROLO OU PINCEL SOBRE SUPERFÍCIES METÁLICAS (EXCETO PERFIL) EXECUTADO EM OBRA (02 DEMÃOS). AF_01/2020 | C6516: M2 | D6516: 0.5588 | E6516: =1-D6516 -> 0.4412 | F6516: 59.56
A6517: 100742 | B6517: PINTURA COM TINTA ALQUÍDICA DE ACABAMENTO (ESMALTE SINTÉTICO ACETINADO) APLICADA A ROLO OU PINCEL SOBRE SUPERFÍCIES METÁLICAS (EXCETO PERFIL) EXECUTADO EM OBRA (POR DEMÃO). AF_01/2020 | C6517: M2 | D6517: 0.559 | E6517: =1-D6517 -> 0.441 | F6517: 29.77
A6518: 100739 | B6518: PINTURA COM TINTA ALQUÍDICA DE ACABAMENTO (ESMALTE SINTÉTICO ACETINADO) PULVERIZADA SOBRE PERFIL METÁLICO EXECUTADO EM FÁBRICA (POR DEMÃO). AF_01/2020_PE | C6518: M2 | D6518: 0.1336 | E6518: =1-D6518 -> 0.8664 | F6518: 11.6
A6519: 100757 | B6519: PINTURA COM TINTA ALQUÍDICA DE ACABAMENTO (ESMALTE SINTÉTICO ACETINADO) PULVERIZADA SOBRE SUPERFÍCIES METÁLICAS (EXCETO PERFIL) EXECUTADO EM OBRA (02 DEMÃOS). AF_01/2020_PE | C6519: M2 | D6519: 0.4503 | E6519: =1-D6519 -> 0.5497 | F6519: 57.4
... A6534: 100722 | B6534: PINTURA COM TINTA ALQUÍDICA DE FUNDO (TIPO ZARCÃO) APLICADA A ROLO OU PINCEL SOBRE SUPERFÍCIES METÁLICAS (EXCETO PERFIL) EXECUTADO EM OBRA (POR DEMÃO). AF_01/2020 | C6534: M2 | D6534: 0.5699 | E6534: =1-D6534 -> 0.4301 | F6534: 29.2
A6535: 100719 | B6535: PINTURA COM TINTA ALQUÍDICA DE FUNDO (TIPO ZARCÃO) PULVERIZADA SOBRE PERFIL METÁLICO EXECUTADO EM FÁBRICA (POR DEMÃO). AF_01/2020_PE | C6535: M2 | D6535: 0.1316 | E6535: =1-D6535 -> 0.8684 | F6535: 11.78 | G6535: =F6535*D6535 -> 1.550248 | H6535: =F6535*E6535 -> 10.229752
A6536: 100721 | B6536: PINTURA COM TINTA ALQUÍDICA DE FUNDO (TIPO ZARCÃO) PULVERIZADA SOBRE SUPERFÍCIES METÁLICAS (EXCETO PERFIL) EXECUTADO EM OBRA (POR DEMÃO). AF_01/2020_PE | C6536: M2 | D6536: 0.4441 | E6536: =1-D6536 -> 0.5559 | F6536: 29.09
A6537: 100724 | B6537: PINTURA COM TINTA ALQUÍDICA DE FUNDO E ACABAMENTO (ESMALTE SINTÉTICO GRAFITE) APLICADA A ROLO OU PINCEL SOBRE PERFIL METÁLICO EXECUTADO EM FÁBRICA (POR DEMÃO). AF_01/2020 | C6537: M2 | D6537: 0.3306 | E6537: =1-D6537 -> 0.6694 | F6537: 15.94
A6538: 100726 | B6538: PINTURA COM TINTA ALQUÍDICA DE FUNDO E ACABAMENTO (ESMALTE SINTÉTICO GRAFITE) APLICADA A ROLO OU PINCEL SOBRE SUPERFÍCIES METÁLICAS (EXCETO PERFIL) EXECUTADO EM OBRA (POR DEMÃO). AF_01/2020 | C6538: M2 | D6538: 0.5117 | E6538: =1-D6538 -> 0.4883 | F6538: 32.52
A6539: 100723 | B6539: PINTURA COM TINTA ALQUÍDICA DE FUNDO E ACABAMENTO (ESMALTE SINTÉTICO GRAFITE) PULVERIZADA SOBRE PERFIL METÁLICO EXECUTADO EM FÁBRICA (POR DEMÃO). AF_01/2020_PE | C6539: M2 | D6539: 0.1227 | E6539: =1-D6539 -> 0.8773 | F6539: 12.63
A6540: 100725 | B6540: PINTURA COM TINTA ALQUÍDICA DE FUNDO E ACABAMENTO (ESMALTE SINTÉTICO GRAFITE) PULVERIZADA SOBRE SUPERFÍCIES METÁLICAS (EXCETO PERFIL) EXECUTADO EM OBRA (POR DEMÃO). AF_01/2020_PE | C6540: M2 | D6540: 0.4399 | E6540: =1-D6540 -> 0.5601 | F6540: 29.37
A6541: 100752 | B6541: PINTURA COM TINTA EPOXÍDICA DE ACABAMENTO APLICADA A ROLO OU PINCEL SOBRE PERFIL METÁLICO EXECUTADO EM FÁBRICA (02 DEMÃOS). AF_01/2020 | C6541: M2 | D6541: 0.2027 | E6541: =1-D6541 -> 0.7973 | F6541: 52.04
A6542: 100730 | B6542: PINTURA COM TINTA EPOXÍDICA DE ACABAMENTO APLICADA A ROLO OU PINCEL SOBRE PERFIL METÁLICO EXECUTADO EM FÁBRICA (POR DEMÃO). AF_01/2020 | C6542: M2 | D6542: 0.2026 | E6542: =1-D6542 -> 0.7974 | F6542: 26.01
A6543: 100751 | B6543: PINTURA COM TINTA EPOXÍDICA DE ACABAMENTO PULVERIZADA SOBRE PERFIL METÁLICO EXECUTADO EM FÁBRICA (02 DEMÃOS). AF_01/2020_PE | C6543: M2 | D6543: 0.072 | E6543: =1-D6543 -> 0.928 | F6543: 43.19
A6544: 100729 | B6544: PINTURA COM TINTA EPOXÍDICA DE ACABAMENTO PULVERIZADA SOBRE PERFIL METÁLICO EXECUTADO EM FÁBRICA (POR DEMÃO). AF_01/2020_PE | C6544: M2 | D6544: 0.0718 | E6544: =1-D6544 -> 0.9282 | F6544: 21.59
A6545: 100728 | B6545: PINTURA COM TINTA EPOXÍDICA DE FUNDO APLICADA A ROLO OU PINCEL SOBRE PERFIL METÁLICO EXECUTADO EM FÁBRICA (POR DEMÃO). AF_01/2020 | C6545: M2 | D6545: 0.199 | E6545: =1-D6545 -> 0.801 | F6545: 26.48
A6546: 100727 | B6546: PINTURA COM TINTA EPOXÍDICA DE FUNDO PULVERIZADA SOBRE PERFIL METÁLICO EXECUTADO EM FÁBRICA (POR DEMÃO). AF_01/2020_PE | C6546: M2 | D6546: 0.0542 | E6546: =1-D6546 -> 0.9458 | F6546: 28.59
A6547: 102499 | B6547: ENCERAMENTO DE PISO EM MADEIRA. AF_05/2021 | C6547: M2 | D6547: 0.3476 | E6547: =1-D6547 -> 0.6524 | F6547: 3.51
... A7840: 103017 | B7840: VÁLVULA DE RETENÇÃO, DE BRONZE, PÉ COM CRIVOS, ROSCÁVEL, 4" - FORNECIMENTO E INSTALAÇÃO. AF_08/2021 | C7840: UN | D7840: 0.0153 | E7840: =1-D7840 -> 0.9847 | F7840: 1028.43
